 Dungeon Crawl Stone Soup version 0.25-a0-737-g26c3a87c45 (webtiles) character file.

Game seed: 5332293827416647879, levelgen mode: deterministic

1394323 WasteTime4 the Hoplite (level 27, -2/231 HPs)
             Began as a Mummy Hunter on Apr 11, 2020.
             Was an Initiate of Gozag.
             Slain by a large abomination (8 damage)
             ... summoned by Mnoleg
             ... while petrified by an eldritch tentacle
             ... in Pandemonium on Apr 12, 2020.
             The game lasted 12:05:42 (196073 turns).

WasteTime4 the Hoplite (Mummy Hunter)             Turns: 196073, Time: 12:05:42

Health: -2/231     AC: 54    Str: 29 (30) XL:     27
Magic:  0/38       EV: -1    Int:  3 (15) God:    Gozag
Gold:   54104      SH:  0    Dex: 19      Spells: 6/41 levels left

rFire    + . .     SeeInvis +   r - +9 broad axe (flame)
rCold    + + .     Gourm    .   b - +12 tower shield "Alaonaab" {*Drain Str+3 Dex+6}
rNeg     + + +     Faith    .   q - +13 crystal plate armour
rPois    ∞         Spirit   .   U - +0 mask of the Dragon {MR+ Slay+3 SInv}
rElec    .         Reflect  .   i - +1 cloak of the Queen {rPois rF+ rC+ Str+3}
rCorr    .         Harm     .   Q - +3 pair of gauntlets of War {Slay+5}
MR       +++++                  L - +2 pair of boots {run}
Stlth    ..........             n - amulet "Paenach" {rPois Regen+ Int+2 Slay+2}
HPRegen  0.88/turn              a - ring of New Discoveries {rF+ Int-3 Slay+5 Stlth+}
MPRegen  0.26/turn              z - ring "Otoisene" {Wiz MR++ Int+2 Slay+2}

@: petrified, gold aura, stab, flying, very slightly contaminated, hasted,
constricted, studying Bows, invisible, quick
A: no food or potions, fire vulnerability, cold resistance 1, negative energy
resistance 3, torment resistance, unbreathing, in touch with death 2
}: 12/15 runes: serpentine, barnacled, slimy, silver, iron, obsidian, icy, bone,
demonic, magical, fiery, dark
a: Potion Petition, Call Merchant, Bribe Branch, Renounce Religion


You were in Pandemonium.
You worshipped Gozag.
Gozag was exalted by your worship.
You were not hungry.

You visited 17 branches of the dungeon, and saw 86 of its levels.
You visited Pandemonium 2 times, and saw 14 of its levels.
You visited the Abyss 2 times.
You visited 1 bazaar.
You also visited: Sewer, Bailey, Ice Cave and Desolation.

You collected 77408 gold pieces.
You spent 17586 gold pieces at shops.
You paid 5718 gold pieces to Gozag.

Inventory:

Hand Weapons
 g - a +9 broad axe of freezing
 r - a +9 broad axe of flaming (weapon)
 G - the +9 rapier "Kudghet" {vorpal, rF+++ Str+3 Dex-5}
   (You found it in Pandemonium)

   It inflicts extra damage upon your enemies.
   It affects your strength (+3).
   It affects your dexterity (-5).
   It renders you almost immune to fire.
 W - the +3 Elemental Staff {rElec rF++ rC++ MR++ AC+5}
   (You acquired it on level 13 of the Dungeon)

   It affects your AC (+5).
   It greatly protects you from fire.
   It greatly protects you from cold.
   It insulates you from electricity.
   It affects your resistance to hostile enchantments.
Missiles
 d - 14 throwing nets
 C - 27 silver boomerangs (quivered)
 F - 24 curare-tipped darts
 O - 16 boomerangs of dispersal
 R - 80 javelins
 S - 21 atropa-tipped darts
 T - 8 datura-tipped darts
Armour
 b - the +12 tower shield "Alaonaab" (worn) {*Drain Str+3 Dex+6}
   (You found it on level 4 of the Realm of Zot)

   It affects your strength (+3).
   It affects your dexterity (+6).
   It causes draining when unequipped.
 i - the +1 cloak of the Queen (worn) {rPois rF+ rC+ Str+3}
   (You found it on level 5 of the Pits of Slime)

   It affects your strength (+3).
   It protects you from fire.
   It protects you from cold.
   It protects you from poison.
 q - a +13 crystal plate armour (worn)
 L - a +2 pair of boots of running (worn)
 Q - the +3 pair of gauntlets of War (worn) {Slay+5}
   (You found it on level 3 of the Crypt)

   It affects your accuracy and damage with ranged weapons and melee attacks
   (+5).
 U - the +0 mask of the Dragon (worn) {MR+ Slay+3 SInv}
   (You found it on level 4 of the Shoals)

   It affects your accuracy and damage with ranged weapons and melee attacks
   (+3).
   It affects your resistance to hostile enchantments.
   It lets you see invisible.
Jewellery
 a - the ring of New Discoveries (left hand) {rF+ Int-3 Slay+5 Stlth+}
   (You bought it in a shop on level 3 of the Snake Pit)

   [ring of stealth]

   It affects your intelligence (-3).
   It affects your accuracy and damage with ranged weapons and melee attacks
   (+5).
   It protects you from fire.
   It makes you more stealthy.
 f - the ring "Tovatis" {rPois rF++ MR- Str+3 Slay+3}
   (You found it on level 7 of Tartarus)

   [ring of strength]

   It affects your strength (+3).
   It affects your accuracy and damage with ranged weapons and melee attacks
   (+3).
   It greatly protects you from fire.
   It protects you from poison.
   It affects your resistance to hostile enchantments.
 m - an uncursed ring of resist corrosion
 n - the amulet "Paenach" (around neck) {rPois Regen+ Int+2 Slay+2}
   (You took it off a skeletal warrior on level 3 of the Crypt)

   [amulet of regeneration]

   It affects your intelligence (+2).
   It affects your accuracy and damage with ranged weapons and melee attacks
   (+2).
   It protects you from poison.
   It increases your rate of regeneration.
 s - the ring of Noemof {*Corrode +Fly rF+ Slay+2}
   (You found it in Pandemonium)

   [ring of flight]

   It affects your accuracy and damage with ranged weapons and melee attacks
   (+2).
   It protects you from fire.
   It lets you fly.
   It may corrode you when you take damage.
 z - the ring "Otoisene" (right hand) {Wiz MR++ Int+2 Slay+2}
   (You bought it in a shop on level 15 of the Dungeon)

   [ring of wizardry]

   It improves your spell success rate.
   It affects your intelligence (+2).
   It affects your accuracy and damage with ranged weapons and melee attacks
   (+2).
   It affects your resistance to hostile enchantments.
 J - the amulet of the Four Winds {rN+ MR+++ Clar}
   (You bought it in a shop on level 9 of the Dungeon)

   [amulet of nothing]

   It protects you from negative energy.
   It affects your resistance to hostile enchantments.
   It protects you against confusion.
Wands
 c - a wand of disintegration (6)
 k - a wand of paralysis (49)
 t - a wand of digging (15)
 B - a wand of scattershot (14)
 D - a wand of clouds (21)
 I - a wand of flame (156)
 K - a wand of polymorph (64)
 N - a wand of enslavement (40)
 X - a wand of iceblast (75)
 Z - a wand of acid (21)
Scrolls
 e - 40 scrolls of remove curse
 h - 11 scrolls of magic mapping
 j - 11 scrolls of fog
 l - 12 scrolls of fear
 p - 2 scrolls of enchant weapon
 u - 27 scrolls of teleportation
 v - 8 scrolls of blinking
 E - 25 scrolls of identify
 H - a scroll of summoning
Books
 M - a manual of Bows
Miscellaneous
 o - a lightning rod (4/4)
 w - 5 tins of tremorstones
 A - a phial of floods
 P - 15 phantom mirrors
 V - 15 boxes of beasts


   Skills:
 - Level 22.0 Fighting
 - Level 12.0 Short Blades
 - Level 17.9(18.0) Axes
   Level 0.4(15.0) Maces & Flails
 - Level 15.0 Staves
 - Level 20.0 Throwing
 - Level 23.4 Armour
 - Level 15.0 Dodging
 - Level 15.0 Stealth
 - Level 25.0 Shields
 - Level 7.8 Spellcasting
 - Level 12.0 Hexes
 - Level 20.0 Summonings
 - Level 15.5 Necromancy
 - Level 15.0 Translocations
 + Level 14.3 Fire Magic
 - Level 15.0 Earth Magic
 - Level 22.0 Evocations


You had 6 spell levels left.
You knew the following spells:

 Your Spells              Type           Power        Failure   Level  Hunger
a - Portal Projectile     Hex/Tloc       #.....       1%          3    N/A
c - Summon Forest         Summ/Tloc      ##........   1%          5    N/A
d - Dispel Undead         Necr           ###.....     1%          4    N/A
e - Shadow Creatures      Summ           N/A          3%          6    N/A
f - Passage of Golubria   Tloc           N/A          1%          4    N/A
g - Ignition              Fire           #.........   100%        8    N/A
i - Borgnjor's Vile Clut  Necr/Erth      ###.......   4%          5    N/A

Your spell library contained the following spells:

 Spells                   Type           Power        Failure   Level  Hunger
 Animate Skeleton         Necr           N/A          1%          1    N/A
 Apportation              Tloc           ##....       1%          1    N/A
 Pain                     Necr           ###.         1%          1    N/A
 Sandblast                Erth           ##....       1%          1    N/A
 Summon Butterflies       Summ           ##......     1%          1    N/A
 Blink                    Tloc           N/A          1%          2    N/A
 Call Imp                 Summ           ##......     1%          2    N/A
 Slow                     Hex            #.......     1%          2    N/A
 Call Canine Familiar     Summ           ##......     1%          3    N/A
 Confusing Touch          Hex            #.......     1%          3    N/A
 Gell's Gravitas          Tloc           ##........   1%          3    N/A
 Inner Flame              Hex/Fire       #.......     1%          3    N/A
 Lesser Beckoning         Tloc           ##........   1%          3    N/A
 Recall                   Summ/Tloc      N/A          1%          3    N/A
 Teleport Other           Tloc           ##......     1%          3    N/A
 Tukima's Dance           Hex            #.......     1%          3    N/A
 Vampiric Draining        Necr           ###.......   1%          3    N/A
 Animate Dead             Necr           N/A          1%          4    N/A
 Aura of Abjuration       Summ           ##........   1%          5    N/A
 Summon Demon             Summ           ##........   1%          5    N/A
 Leda's Liquefaction      Hex/Erth       #.........   3%          4    N/A
 Summon Mana Viper        Hex/Summ       ##......     3%          5    N/A
 Foxfire                  Conj/Fire      #...         4%          1    N/A
 Agony                    Necr           ###.....     4%          5    N/A
 Lee's Rapid Deconstruct  Erth           ##........   5%          5    N/A
 Corpse Rot               Necr/Air       N/A          6%          2    N/A
 Passwall                 Tmut/Erth      #.......     6%          2    N/A
 Shroud of Golubria       Chrm/Tloc      #.....       6%          2    N/A
 Cause Fear               Hex            #.........   6%          4    N/A
 Ensorcelled Hibernation  Hex/Ice        #.....       12%         2    N/A
 Stone Arrow              Conj/Erth      #.....       12%         3    N/A
 Conjure Flame            Conj/Fire      #.......     14%         3    N/A
 Summon Ice Beast         Ice/Summ       #.......     14%         4    N/A
 Summon Lightning Spire   Summ/Air       #.......     14%         4    N/A
 Spectral Weapon          Hex/Chrm       #.......     22%         3    N/A
 Death Channel            Necr           ###.......   22%         6    N/A
 Dispersal                Tloc           ##........   26%         6    N/A
 Ignite Poison            Fire/Tmut/Pois #.......     34%         3    N/A
 Iskenderun's Mystic Bla  Conj/Tloc      #.......     36%         4    N/A
 Petrify                  Tmut/Erth      #.......     36%         4    N/A
 Bolt of Magma            Conj/Fire/Erth #.........   38%         5    N/A
 Sticky Flame             Conj/Fire      #.......     41%         4    N/A
 Freeze                   Ice            #...         61%         1    N/A
 Infusion                 Chrm           #...         61%         1    N/A
 Magic Dart               Conj           #...         61%         1    N/A
 Shock                    Conj/Air       #...         61%         1    N/A
 Sting                    Tmut/Pois      #...         61%         1    N/A
 Excruciating Wounds      Chrm/Necr      ##........   65%         5    N/A
 Darkness                 Hex            #.........   65%         6    N/A
 Invisibility             Hex            #.......     65%         6    N/A
 Poisonous Vapours        Pois/Air       #.....       75%         2    N/A
 Song of Slaying          Chrm           #.......     75%         2    N/A
 Fireball                 Conj/Fire      #.........   75%         5    N/A
 Metabolic Englaciation   Hex/Ice        #.........   87%         5    N/A
 Silence                  Hex/Air        #.........   87%         5    N/A
 Yara's Violent Unravell  Hex/Tmut       #.........   87%         5    N/A
 Frozen Ramparts          Ice            #.....       92%         3    N/A
 Mephitic Cloud           Conj/Pois/Air  #.......     92%         3    N/A
 Ozocubu's Armour         Chrm/Ice       #.......     92%         3    N/A
 Iron Shot                Conj/Erth      #.........   99%         6    N/A
 Simulacrum               Ice/Necr       ##........   99%         6    N/A
 Starburst                Conj/Fire      #.........   99%         6    N/A
 Hailstorm                Conj/Ice       #.......     100%        4    N/A
 Olgreb's Toxic Radiance  Pois           #.......     100%        4    N/A
 Alistair's Intoxication  Tmut/Pois      #.......     100%        5    N/A
 Irradiate                Conj/Tmut      #.........   100%        5    N/A
 Iskenderun's Battlesphe  Conj/Chrm      #.......     100%        5    N/A
 Conjure Ball Lightning   Conj/Air       #.........   100%        6    N/A
 Deflect Missiles         Chrm/Air       #.........   100%        6    N/A
 Eringya's Noxious Bog    Tmut/Pois      #.........   100%        6    N/A
 Freezing Cloud           Conj/Ice/Air   #.........   100%        6    N/A
 Ozocubu's Refrigeration  Ice            #.........   100%        6    N/A
 Monstrous Menagerie      Summ           ##........   21%         7    N/A
 Summon Greater Demon     Summ           ##........   21%         7    N/A
 Summon Hydra             Summ           ##........   21%         7    N/A
 Malign Gateway           Summ/Tloc      ##........   45%         7    N/A
 Summon Horrible Things   Summ           ##........   80%         8    N/A
 Orb of Destruction       Conj           #.........   100%        7    N/A
 Ring of Flames           Chrm/Fire      #.........   100%        7    N/A
 Spellforged Servitor     Conj/Summ      #.........   100%        7    N/A
 Controlled Blink         Tloc           N/A          100%        8    N/A
 Discord                  Hex            #.........   100%        8    N/A
 Disjunction              Tloc           ##........   100%        8    N/A
 Dragon's Call            Summ           ##........   100%        9    N/A
 Shatter                  Erth           ##........   100%        9    N/A
 Tornado                  Air            #.........   100%        9    N/A
 Sublimation of Blood     Necr           Unusable     N/A         2    N/A
 Statue Form              Tmut/Erth      Unusable     N/A         6    N/A
 Ice Form                 Ice/Tmut       Unusable     N/A         4    N/A
 Hydra Form               Tmut           Unusable     N/A         6    N/A
 Dragon Form              Tmut           Unusable     N/A         7    N/A

Dungeon Overview and Level Annotations

Branches:
Dungeon (15/15)            Temple (1/1) D:4            Lair (6/6) D:8
 Shoals (4/4) Lair:2        Snake (4/4) Lair:2        Slime (5/5) Lair:5
    Orc (2/2) D:11            Elf (3/3) Orc:2        Vaults (5/5) D:13
  Crypt (3/3) Vaults:3       Tomb (0/3) Crypt:3      Depths (5/5) D:15
   Hell (visited)             Dis (7/7) Hell            Geh (7/7) Hell
    Coc (7/7) Hell            Tar (7/7) Hell            Zot (5/5) Depths:5
  Sewer (visited)          Bailey (visited)           IceCv (visited)
Desolation (visited)

Altars:
Ashenzari
Cheibriados
Dithmenos
Elyvilon
Fedhas
Gozag
Hepliaklqana
Kikubaaqudgha
Makhleb
Nemelex Xobeh
Okawaru
Qazlal
Ru
Sif Muna
Trog
Uskayaw
Vehumet
Wu Jian
Xom
Yredelemnul
Zin
The Shining One
Jiyva

Shops:
D:4 ?   D:9 ?=   D:12 *   D:14 }}***   D:15 =   Orc:2 :=(*(   Shoals:3 *
Snake:3 =   Snake:4 (   Vaults:4 [   Zot:4 *   Depths:1 =}}*   Depths:2 [((
Depths:3 **(

Portals:
Hell: Depths:1 Depths:2 Depths:3 Depths:4 Depths:5
Abyss: Depths:2 Depths:4
Pandemonium: Depths:3 Depths:5
Ziggurat: Depths:1

Annotations:
Elf:2 2 runed translucent doors
Coc:7 exclusion: ice statue
Pan Mnoleg


Innate Abilities, Weirdness & Mutations

You do not eat or drink.
Your flesh is vulnerable to fire.
You are immune to poison.
Your flesh is cold resistant. (rC+)
You are immune to negative energy. (rN+++)
You are immune to unholy pain and torment.
You can survive without breathing.
You are strongly in touch with the powers of death.


Message History

Mnoleg calls on the powers of chaos!
The large abomination seems to speed up. x2
The tentacled monstrosity seems to speed up.
The large abomination suddenly seems more agile.
The eye of draining's magical defenses are stripped away.
The golden eye suddenly seems more resistant.
The golden eye blinks!
The golden eye blinks at you. You resist with almost no effort.
The eldritch tentacle slaps you but does no damage.
The eldritch tentacle claws you but does no damage.
The golden eye blinks!
The eye of draining gazes at you.
You feel your power leaking away.
The large abomination hits you but does no damage.
The tentacled monstrosity tentacle-slaps you but does no damage. x3
The tentacled monstrosity constricts you.
The large abomination hits you!
You die...
Your body crumbles into a pile of gold.

............#***,,,**...,,,,,,*
.......##...#***,,,*#...,,,,,,**
##......##...#*,,,*#....,,,,,,,**
###.....##.....,*#.....,,,,,,,,*
***##.....##....##...(.#****,,,,,
,,* ##.....##..##...(.#*** **,,,,
,,* ##.....####X..(.#*,,** **,,,
*** ##...G.##GXGG.#*,,,,** **,,
##......w@&.##,,,,..## **,
##..../XXX##.,,**...## ** ***
##..<.G§##...***#...## * ,,*
*#...*.G##..?#*##....## ,,*
*#........##...##......## *,*
*#..........##...........# *,*
#.....##.....##..........# *,*
#....####.....##........#* ,,*
#...## ##.....##......##


You could see Mnoleg, a tentacled monstrosity, an eldritch tentacle, an eye of
devastation, 4 large abominations, 2 eyes of draining and 3 golden eyes.

Vanquished Creatures
  Cerebov (Pan)
  Antaeus (Coc:7)
  Asmodeus (Geh:7)
  Ereshkigal (Tar:7)
  Gloorx Vloq (Pan)
  A seraph (Pan)
  Lom Lobon (Pan)
  Dispater (Dis:7)
  7 pandemonium lords (Pan)
  10 ancient liches
  Mara (Crypt:1)
  3 orbs of fire (Zot:5)
  5 juggernauts
  Sojobo (Depths:1)
  7 Killer Klowns
  19 shard shrikes
  Frederick (Vaults:4)
  The ghost of Cuduzxun the Slayer, a veteran DDFi of Makhleb (Zot:4)
  Vashnia (Snake:2)
  4 caustic shrikes
  Xtahua (Vaults:4)
  2 curse toes
  Geryon (Hell)
  11 golden dragons
  2 pearl dragons (Pan)
  3 electric golems
  78 Tzitzimimeh
  15 doom hounds
  39 Brimstone Fiends
  9 iron giants
  26 bone dragons
  21 tentacled monstrosities
  22 Hell Sentinels
  21 liches
  33 Ice Fiends
  25 Orb Guardians (Zot:5)
  Asterion (Elf:2)
  8 quicksilver dragons
  4 deep elf master archers (Elf:3)
  7 titans
  5 deep elf blademasters (Elf:3)
  30 Executioners
  10 death cobs
  10 ancient champions
  20 acid blobs
  16 eldritch tentacles
  2 tentacled starspawn (Abyss:2)
  Gastronok (D:10)
  8 sphinxes
  22 shadow dragons
  14 storm dragons
  8 draconian monks
  Agnes (Snake:2)
  12 nagarajas
  13 tengu reavers
  2 draconian knights
  3 revenants
  24 daevas
  7 azure jellies
  13 corrupters (Pan)
  5 draconian scorchers
  7 deep elf sorcerers
  16 fire giants
  2 caustic shrike zombies (Crypt:2)
  21 frost giants
  49 balrugs
  11 iron dragons
  Aizul (Crypt:1)
  An imperial myrmidon (Desolation)
  27 cacodemons
  6 draconian shifters
  8 warmongers (Pan)
  7 deep elf elementalists
  51 angels (Pan)
  14 vault wardens
  16 ghouls
  A spriggan defender (Depths:4)
  2 curse skulls (Pan)
  2 elemental wellsprings
  12 draconian annihilators
  108 reapers
  5 draconian stormcallers
  13 ironheart preservers
  An entropy weaver (Depths:4)
  27 very ugly things
  11 blood saints (Pan)
  A juggernaut skeleton (Depths:2)
  A caustic shrike skeleton (Depths:4)
  17 stone giants
  8 green draconians
  21 war gargoyles
  3 deep elf demonologists
  Nessos (Orc:2)
  4 grey draconians
  9 black suns (Pan)
  24 ophanim (Pan)
  41 vampire knights
  41 apis (Pan)
  Azrael (Elf:1)
  6 white draconians
  9 lorocyprocas
  7 black draconians
  15 deep elf annihilators
  4 halazid warlocks (Desolation)
  7 spark wasps
  12 red draconians
  7 purple draconians
  6 yellow draconians
  6 merfolk javelineers
  7 deep elf death magi
  2 crystal guardians (Desolation)
  48 blizzard demons
  3 eidola
  Josephine (Lair:6)
  16 jiangshi
  A kraken zombie (Coc:3)
  14 quicksilver dragon zombies
  13 death oozes
  13 ettins
  15 yaktaur captains
  40 green deaths
  4 deep elf high priests
  35 vault guards
  19 great orbs of eyes
  7 fire dragons
  10 merfolk impalers
  8 ragged hierophants (Desolation)
  9 quicksilver dragon skeletons
  35 ice dragons
  11 rakshasas
  12 naga warriors
  3 ghost crabs
  2 peacekeepers (Desolation)
  10 hydras
  13 hell beasts
  6 servants of whispers (Desolation)
  4 monstrous demonspawn (Pan)
  8 spriggan air magi
  A hydra (shapeshifter) (Vaults:3)
  4 merfolk aquamancers
  8 merfolk avatars
  15 anacondas
  An anaconda (shapeshifter) (Vaults:5)
  Erica (D:10)
  13 centaur warriors
  16 ogre magi
  44 two-headed ogres
  An alligator snapping turtle (Shoals:3)
  5 death knights
  A satyr (Shoals:4)
  9 deep troll earth magi
  14 titan zombies
  A queen ant (shapeshifter) (Vaults:3)
  38 hell hogs
  10 deep troll shamans
  28 vampire magi
  6 orc high priests
  6 spriggan berserkers
  14 naga sharpshooters
  6 holy swine (Pan)
  7 shock serpents
  8 tengu warriors
  A thrashing horror (Abyss:2)
  68 soul eaters
  86 sun demons
  Sonja (D:10)
  The ghost of magipi the Thrower, a novice TeHu of Okawaru (D:8)
  11 titan skeletons
  8 storm dragon zombies
  27 deep elf knights
  29 deep trolls
  9 iron golems
  A fire crab (shapeshifter) (Depths:2)
  15 storm dragon skeletons
  A salamander mystic (Depths:5)
  11 shadow wraiths
  23 cherubim (Pan)
  9 wizards
  5 death drakes
  14 iron trolls
  3 unseen horrors
  A glowing orange brain (shapeshifter) (Vaults:4)
  268 skeletal warriors
  33 sixfirhies
  7 golden dragon zombies
  A spatial maelstrom (Abyss:2)
  An unseen horror (shapeshifter) (Vaults:2)
  33 shadow demons
  13 torturous demonspawn (Pan)
  13 sea snakes
  A death drake (shapeshifter) (Vaults:2)
  28 anaconda zombies
  5 gelid demonspawn (Pan)
  79 hell knights
  4 infernal demonspawn (Pan)
  A spark wasp zombie (Depths:4)
  10 naga ritualists
  An obsidian statue (Zot:4)
  23 deep elf archers
  7 glowing orange brains
  8 anaconda skeletons
  7 kraken simulacra
  17 flayed ghosts
  13 ironbrand convokers
  24 necromancers
  7 ghost moth zombies
  7 golden dragon skeletons
  A harpy (shapeshifter) (Depths:4)
  20 orc knights
  13 wolf spider zombies
  20 iron dragon zombies
  52 phantasmal warriors
  12 harpies
  11 fauns
  A mana viper (shapeshifter) (Depths:1)
  6 orc sorcerers
  9 wolf spiders
  76 deep elf magi
  8 manticores
  7 shining eyes
  19 shadow dragon zombies
  8 frost giant zombies
  9 fire giant zombies
  8 mana vipers
  A cyclops (shapeshifter) (Vaults:1)
  3 oklob plants (Lair:2)
  4 shadow dragon skeletons
  15 stone giant zombies
  16 salamanders
  29 moths of wrath
  A shining eye (shapeshifter) (Depths:4)
  8 draconians
  A salamander (shapeshifter) (Depths:2)
  34 ugly things
  10 elephants
  4 cyclopes
  A worldbinder (Abyss:2)
  14 frost giant skeletons
  8 iron dragon skeletons
  11 dire elephant zombies
  19 stone giant skeletons
  8 fire giant skeletons
  2 gargoyles
  14 merfolk sirens
  10 guardian serpents
  24 naga magi
  A sphinx skeleton (Depths:2)
  14 vault sentinels
  29 black mambas
  2 guardian serpents (shapeshifter)
  8 water nymphs
  9 storm dragon simulacra
  An eye of devastation (shapeshifter) (Vaults:5)
  102 smoke demons
  3 shock serpent zombies
  49 rust devils
  9 dire elephant skeletons
  A torpor snail (shapeshifter) (Vaults:4)
  5 eyes of devastation
  82 hellions
  28 orange demons
  5 ice statues
  25 spiny frogs
  48 large abominations
  12 catoblepas zombies
  10 molten gargoyles
  A white draconian zombie (Hell)
  A pale draconian zombie (Crypt:2)
  6 titan simulacra (Coc:7)
  8 komodo dragons
  19 efreet
  4 shock serpent skeletons
  A spiny frog (shapeshifter) (Vaults:3)
  51 freezing wraiths
  6 emperor scorpion zombies
  5 rime drakes
  A komodo dragon (shapeshifter) (Vaults:2)
  A minotaur zombie (Geh:7)
  58 ice devils
  60 yaktaurs
  5 ancient zymes (Abyss:2)
  104 tormentors
  27 demonic crawlers
  83 hellwings (Pan)
  3 swamp worm zombies (Crypt:2)
  23 hydra zombies
  5 human skeletons
  80 red devils
  A golden dragon simulacrum (Coc:5)
  A yellow draconian skeleton (Crypt:2)
  2 black draconian skeletons
  A pale draconian skeleton (Crypt:3)
  12 anaconda simulacra
  A troll (shapeshifter) (Depths:2)
  6 tengu conjurers
  A jumping spider (shapeshifter) (Depths:5)
  A queen ant zombie (Crypt:1)
  11 harpy zombies
  6 silent spectres
  3 catoblepas skeletons
  5 polar bears
  7 trolls
  2 wind drakes (shapeshifter)
  5 harpy skeletons
  42 merfolk
  12 hydra skeletons
  3 wind drakes
  49 saltlings (Desolation)
  2 hornets
  3 raiju (Abyss:2)
  5 tyrant leeches
  14 ettin zombies
  118 slime creatures
  15 fire dragon zombies
  A fire giant simulacrum (Crypt:1)
  A dream sheep (shapeshifter) (Vaults:3)
  38 blink frogs
  8 bog bodies
  7 ice dragon zombies
  A frost giant simulacrum (Hell)
  20 hippogriffs
  3 dream sheep (Shoals:2)
  A stone giant simulacrum (Coc:3)
  18 alligator zombies
  2 shock serpent simulacra
  10 ice dragon skeletons
  A spriggan (shapeshifter) (Depths:4)
  8 alligator skeletons
  8 black mamba zombies
  4 fire dragon skeletons
  7 air elementals
  13 snapping turtles
  23 water elementals
  272 flying skulls
  71 wraiths
  88 shadows
  A wyvern (shapeshifter) (Depths:5)
  13 ettin skeletons
  28 ynoxinuls
  A vampire (Crypt:1)
  13 yaks
  12 hungry ghosts
  5 wyverns
  18 humans (D:13)
  2 fire bats (Geh:1)
  2 basilisks (shapeshifter)
  A golden eye (shapeshifter) (Depths:1)
  A human (shapeshifter) (Depths:3)
  5 black mamba skeletons
  21 golden eyes
  A steam dragon (D:11)
  4 basilisks
  27 neqoxecs
  6 vampire mosquitoes
  27 chaos spawn
  2 human simulacra
  37 fire elementals
  4 elf skeletons
  A warg (shapeshifter) (Depths:4)
  A monstrous demonspawn zombie (Crypt:1)
  A deep troll zombie (Crypt:2)
  4 spatial vortices
  2 wargs
  A soldier ant (D:14)
  6 two-headed ogre zombies (D:12)
  43 nagas
  An acid dragon (D:12)
  A merfolk zombie (Tar:5)
  An orb spider zombie (Crypt:1)
  14 spiny frog zombies
  4 hydra simulacra
  10 water moccasins
  123 hell hounds
  6 floating eyes
  A floating eye (shapeshifter) (Depths:4)
  A deep troll skeleton (Crypt:3)
  A merfolk skeleton (Dis:3)
  7 porcupines
  A torturous demonspawn skeleton (Coc:7)
  15 spiny frog skeletons
  2 black bears (shapeshifter)
  8 black bears
  63 orc warriors
  26 ice beasts
  10 snapping turtle zombies
  5 eyes of draining
  A manticore zombie (Tar:7)
  51 necrophages
  An ice dragon simulacrum (Hell)
  3 sky beasts
  4 swamp dragon zombies
  An alligator simulacrum (Coc:7)
  4 ettin simulacra
  17 phantoms
  11 small abominations
  23 boggarts
  34 ogres
  9 snapping turtle skeletons
  6 swamp dragon skeletons
  9 crocodiles
  7 manticore skeletons
  24 centaurs
  2 elf zombies
  A big kobold (Sewer)
  A bullfrog (shapeshifter) (Vaults:5)
  23 bullfrogs
  A hippogriff zombie (Crypt:3)
  9 gnoll sergeants
  4 earth elementals
  A yaktaur skeleton (Crypt:1)
  3 troll zombies
  2 wyvern skeletons
  5 killer bees (D:13)
  7 scorpions
  A warg skeleton (Crypt:3)
  132 wights
  2 snapping turtle simulacra
  A spriggan zombie (Geh:7)
  A spriggan skeleton (Coc:2)
  3 howler monkeys
  4 electric eels
  17 crimson imps
  15 jellies
  3 bullfrog zombies
  6 quasits
  8 hounds
  9 centaur skeletons
  5 centaur zombies
  3 human zombies
  3 bullfrog skeletons
  37 orc priests
  6 gnoll shamans (Bailey)
  51 iron imps
  3 iguanas
  31 orc wizards
  12 worker ants
  2 hell rats (Hell)
  A worker ant (shapeshifter) (Vaults:5)
  3 ogre zombies
  2 tengu zombies
  A naga zombie (Crypt:3)
  2 ogre skeletons
  3 naga skeletons
  A hound skeleton (D:5)
  8 mummies
  2 worker ant zombies
  Robin (D:2)
  24 gnolls
  11 adders
  3 river rats
  38 shadow imps
  16 white imps
  An ufetubus (Vaults:1)
  2 oozes
  An iguana zombie (Crypt:1)
  An adder skeleton (D:4)
  An adder zombie (D:10)
  4 worms
  6 leopard geckos
  123 orcs
  4 ball pythons
  7 giant cockroaches
  16 goblins
  12 hobgoblins
  7 jackals
  10 bats
  A frilled lizard (D:2)
  A giant cockroach zombie (Crypt:3)
  A jackal skeleton (D:5)
  11 kobolds
  A kobold skeleton (Coc:7)
  2 kobold zombies (Dis:7)
  An orc skeleton (Tar:7)
  4 orc zombies
  2 quokka skeletons
  A quokka zombie (D:5)
  11 rats
  A rat zombie (Crypt:3)
  A river rat skeleton (Crypt:3)
  8 fire vortices (Pan)
  3 plants
  2 starspawn tentacles (Abyss:2)
  8 tentacles
6878 creatures vanquished.

Vanquished Creatures (collateral kills)
  the Royal Jelly (Slime:5)
  2 Brimstone Fiends (Geh:7)
  A Tzitzimitl (Tar:7)
  A Hell Sentinel (Pan)
  A daeva (Pan)
  5 angels (Pan)
  A warmonger (Pan)
  A blizzard demon (Pan)
  A death ooze (Slime:5)
  4 hell beasts (Pan)
  2 skeletal warriors (Hell)
  A gelid demonspawn (Pan)
  A torturous demonspawn (Pan)
  4 cherubim (Pan)
  A rust devil (Dis:7)
  A demonic crawler (Pan)
  2 red devils (Hell)
  A chaos spawn (Pan)
  A ball lightning (Pan)
  2 fire vortices (Pan)
  2 fungi (Lair:1)
36 creatures vanquished.

Vanquished Creatures (others)
  A shard shrike (Coc:7)
  6 eldritch tentacles
  A fire giant (Depths:5)
  A deep elf sorcerer (Elf:3)
  2 elemental wellsprings (Coc:7)
  A blood saint (Pan)
  A draconian annihilator (Pan)
  2 green deaths (Pan)
  A yaktaur captain (Vaults:5)
  34 dancing weapons
  3 hell hogs
  A deep elf knight (Vaults:2)
  A soul eater (Pan)
  An anaconda zombie (Coc:5)
  A naga ritualist (Snake:2)
  A wizard (Pan)
  2 deep elf magi (Elf:3)
  A cyclops (Shoals:2)
  An elephant (shapeshifter) (Vaults:5)
  An orange demon (Pan)
  5 yaktaurs
  A hellion (Geh:7)
  A tormentor (Pan)
  A merfolk (Shoals:1)
  A dream sheep (Pan)
  2 flying skulls
  A wraith (Geh:7)
  3 hell hounds
  An ogre (Vaults:4)
  A centaur (D:15)
  4 wights
  An iron imp (Dis:6)
  2 orc wizards (Vaults:5)
  2 hell rats (Hell)
  2 shadow imps
  A white imp (Coc:7)
  18 ball lightnings (Pan)
  An orc (Elf:3)
  An orc zombie (Geh:4)
  A block of ice (Pan)
  4 demonic plants (Pan)
  A fire vortex (Pan)
  33 fungi
  3 pillars of salt (Vaults:4)
  58 plants
  2 snaplasher vines (Pan)
  6 starspawn tentacles (Abyss:2)
  34 tentacles
  2 withered plants (D:15)
256 creatures vanquished.

Grand Total: 7170 creatures vanquished

Notes
Turn   | Place    | Note
-------+----------+-------------------------------------------
     0 | D:1      | WasteTime4 the Mummy Hunter began the quest for the Orb.
     0 | D:1      | Reached XP level 1. HP: 16/16 MP: 1/1
   316 | D:1      | Reached skill level 1 in Short Blades
   394 | D:1      | Reached XP level 2. HP: 18/22 MP: 2/2
  1148 | D:2      | Noticed Robin
  1214 | D:2      | Killed Robin
  1214 | D:2      | Reached XP level 3. HP: 4/27 MP: 3/3
  2382 | D:2      | Reached XP level 4. HP: 19/33 MP: 4/4
  3028 | D:3      | Found a glowing drain.
  3125 | Sewer    | Entered a sewer
  3814 | Sewer    | Reached XP level 5. HP: 36/38 MP: 5/5
  4819 | D:3      | Found a transporter.
  5090 | D:3      | Found a transporter.
  5362 | D:3      | Reached XP level 6. HP: 24/44 MP: 6/6
  5523 | D:3      | Reached skill level 1 in Shields
  6001 | D:4      | Found a staircase to the Ecumenical Temple.
  6008 | Temple   | Entered the Ecumenical Temple
  6060 | Temple   | Became a worshipper of Gozag Ym Sagoz the Greedy
  6145 | D:4      | Reached skill level 5 in Short Blades
  6199 | D:4      | Reached skill level 2 in Shields
  6604 | D:4      | Found Gatul's Magic Scroll Shoppe.
  6639 | D:4      | Bought a scroll of identify for 28 gold pieces
  6639 | D:4      | Bought a scroll of blinking for 105 gold pieces
  7368 | D:4      | Reached XP level 7. HP: 50/50 MP: 7/7
  7369 | D:4      | Found an iron altar of Okawaru.
  7514 | D:4      | Bought a scroll of magic mapping for 49 gold pieces
  7514 | D:4      | Bought a scroll of fog for 28 gold pieces
  7564 | D:5      | Entered Level 5 of the Dungeon
  7964 | D:5      | Reached skill level 3 in Shields
  8751 | D:6      | Found a shadowy altar of Dithmenos.
  9104 | D:6      | Reached skill level 4 in Shields
  9104 | D:6      | Reached XP level 8. HP: 52/56 MP: 8/8
 10317 | D:4      | Bought a scroll of amnesia for 49 gold pieces
 10317 | D:4      | Bought a scroll of enchant weapon for 105 gold pieces
 10593 | D:7      | Got a pair of distressingly furry gloves
 10599 | D:7      | Identified the cursed +0 pair of gloves of Nonets {MR+
                  | rCorr Slay+5} (You found it on level 7 of the Dungeon)
 10817 | D:7      | Found a shimmering altar of Xom.
 10817 | D:7      | Found a shimmering altar of Xom.
 10818 | D:7      | Found a shimmering altar of Xom.
 10818 | D:7      | Found a shimmering altar of Xom.
 10818 | D:7      | Found a shimmering altar of Xom.
 10818 | D:7      | Found a shimmering altar of Xom.
 11663 | D:8      | Found a transporter.
 11667 | D:8      | Noticed magipi's ghost (novice TeHu)
 11749 | D:8      | Reached XP level 9. HP: 61/61 MP: 9/9
 12116 | D:8      | Found a staircase to the Lair.
 12135 | D:8      | Found a transporter.
 12314 | D:9      | Found a stormy altar of Qazlal.
 12315 | D:9      | Found a hide-covered altar of Uskayaw.
 12317 | D:9      | Found a sparkling altar of Nemelex Xobeh.
 12382 | D:9      | Noticed a troll
 12390 | D:9      | Killed a troll
 12450 | D:9      | Reached skill level 10 in Short Blades
 12725 | D:9      | Found Adatif's Magic Scroll Shoppe.
 12733 | D:9      | Bought a scroll of blinking for 120 gold pieces
 12733 | D:9      | Bought a scroll of teleportation for 48 gold pieces
 12733 | D:9      | Bought a scroll of identify for 32 gold pieces
 12733 | D:9      | Bought a scroll of teleportation for 48 gold pieces
 12733 | D:9      | Bought a scroll of enchant armour for 120 gold pieces
 12733 | D:9      | Bought a scroll of enchant armour for 120 gold pieces
 12733 | D:9      | Bought a scroll of magic mapping for 56 gold pieces
 12733 | D:9      | Bought a scroll of identify for 32 gold pieces
 12733 | D:9      | Bought a scroll of remove curse for 48 gold pieces
 13387 | D:9      | Reached XP level 10. HP: 67/67 MP: 10/10
 13409 | D:9      | Found Zarioweq's Jewellery Boutique.
 13815 | D:10     | Entered Level 10 of the Dungeon
 13822 | D:10     | Noticed Sonja
 13837 | D:10     | Killed Sonja
 13837 | D:10     | Reached skill level 1 in Armour
 13913 | D:10     | Found a flagged portal.
 13920 | Bailey   | Entered a bailey
 15133 | D:9      | Bought the amulet of the Four Winds {rN+ MR+++ Clar} for
                  | 702 gold pieces
 15133 | D:9      | Found the amulet of the Four Winds {rN+ MR+++ Clar}
 15233 | Lair:1   | Entered Level 1 of the Lair of Beasts
 15508 | Lair:1   | Reached skill level 5 in Dodging
 15556 | Lair:1   | Noticed a black mamba
 15570 | Lair:1   | Killed a black mamba
 16758 | Lair:1   | Reached XP level 11. HP: 72/72 MP: 11/11
 17145 | D:9      | Bought the ring of Liberty {rElec Str+4 Dex+3} for 609 gold
                  | pieces
 17558 | Lair:2   | Noticed an oklob plant
 17895 | Lair:2   | Reached skill level 5 in Armour
 18259 | Lair:2   | Got a faintly humming kite shield
 18270 | Lair:2   | Identified the +3 kite shield of Untruth {-Tele rF- Str+8
                  | Stlth+} (You found it on level 2 of the Lair of Beasts)
 18612 | Lair:2   | Found a staircase to the Snake Pit.
 18673 | Lair:2   | Found a staircase to the Shoals.
 18938 | Lair:2   | Noticed an oklob plant
 19073 | Lair:3   | Noticed an eight-headed hydra
 19302 | Lair:3   | Killed an eight-headed hydra
 19487 | Lair:3   | Reached skill level 1 in Evocations
 19587 | Lair:3   | Noticed a six-headed hydra
 19597 | Lair:3   | Killed a six-headed hydra
 20377 | Lair:3   | Reached XP level 12. HP: 51/78 MP: 14/14
 21965 | Lair:5   | Noticed a six-headed hydra
 21971 | Lair:5   | Killed a six-headed hydra
 22106 | Lair:5   | Reached skill level 5 in Evocations
 22527 | Lair:5   | Noticed a seven-headed hydra
 22536 | Lair:5   | Killed a seven-headed hydra
 22609 | Lair:5   | Reached skill level 10 in Armour
 23157 | Lair:5   | Found a staircase to the Slime Pits.
 23702 | Lair:6   | Entered Level 6 of the Lair of Beasts
 23703 | Lair:6   | Noticed a four-headed hydra
 23919 | Lair:6   | Noticed Josephine
 24383 | Lair:6   | Noticed a six-headed hydra
 25408 | Lair:5   | Gained mutation: You are in touch with the powers of death.
                  | [Mummy growth]
 25408 | Lair:5   | Reached XP level 13. HP: 77/83 MP: 16/16
 26698 | Lair:6   | Killed Josephine
 27162 | Lair:6   | Reached skill level 5 in Fighting
 27507 | Lair:6   | Reached skill level 5 in Shields
 28006 | Lair:6   | Reached skill level 5 in Throwing
 28724 | Lair:6   | Reached skill level 6 in Shields
 29917 | Lair:6   | Got a scorched morningstar
 29933 | Lair:6   | Identified the +4 morningstar of the Ghost {pain, rC+ Str+2
                  | Int+2} (You found it on level 6 of the Lair of Beasts)
 31020 | D:10     | Reached XP level 14. HP: 98/98 MP: 17/17
 31190 | D:10     | Noticed Gastronok
 31262 | D:10     | Killed Gastronok
 31262 | D:10     | Reached skill level 7 in Shields
 31323 | D:10     | Noticed Erica
 31455 | D:10     | Killed Erica
 32003 | D:11     | Found a staircase to the Orcish Mines.
 32188 | D:11     | Found an iron altar of Okawaru.
 32590 | Orc:1    | Entered Level 1 of the Orcish Mines
 32615 | Orc:1    | Found a frozen archway.
 32834 | IceCv    | Entered an ice cave
 33617 | IceCv    | Reached skill level 8 in Shields
 34309 | Orc:2    | Entered Level 2 of the Orcish Mines
 34309 | Orc:2    | Found Bikao's Weapon Boutique.
 34806 | Orc:2    | Found a staircase to the Elven Halls.
 36248 | Orc:2    | Reached skill level 9 in Shields
 36673 | Orc:2    | Noticed Nessos
 37080 | Orc:2    | Found Fevya's Weapon Emporium.
 37080 | Orc:2    | Found Wufos's General Store.
 37081 | Orc:2    | Found Wufos's Book Emporium.
 37081 | Orc:2    | Found Leguonui's Jewellery Shoppe.
 37093 | Orc:2    | Bought the ring "Hagre" {MR+ SInv} for 386 gold pieces
 37094 | Orc:2    | Bought 8 atropa-tipped darts for 57 gold pieces
 37094 | Orc:2    | Bought a scroll of fear for 42 gold pieces
 37094 | Orc:2    | Bought a scroll of blinking for 90 gold pieces
 37094 | Orc:2    | Bought 8 datura-tipped darts for 38 gold pieces
 37165 | Orc:2    | Killed Nessos
 37521 | Orc:1    | You fall into a shaft and drop 1 floor!
 38593 | D:12     | Found Hoam's Serpentskin Sales.
 38611 | D:12     | Bought 3 curare-tipped darts for 21 gold pieces
 39253 | D:12     | Reached XP level 15. HP: 98/108 MP: 19/19
 40015 | D:13     | Found a gate to the Vaults.
 40195 | D:13     | Got a slimy platinum ring
 40201 | D:13     | Identified the ring "Wiloak" {rPois Str+2 Dex+3} (You found
                  | it on level 13 of the Dungeon)
 40740 | D:13     | Identified a scroll of acquirement
 40741 | D:13     | Found the +3 Elemental Staff {rElec rF++ rC++ MR++ AC+5}
 40933 | D:13     | Reached skill level 1 in Staves
 41162 | D:14     | Found Nefa's Assorted Antiques.
 41205 | D:14     | Bought a scroll of teleportation for 60 gold pieces
 41205 | D:14     | Bought a scroll of identify for 40 gold pieces
 41205 | D:14     | Bought a scroll of teleportation for 60 gold pieces
 41205 | D:14     | Bought a wand of polymorph (4) for 40 gold pieces
 41205 | D:14     | Bought a scroll of identify for 40 gold pieces
 41260 | D:14     | Found Aduguq's Gadget Shop.
 41287 | D:14     | Bought a lightning rod (4/4) for 600 gold pieces
 41287 | D:14     | Bought a tin of tremorstones for 225 gold pieces
 41319 | D:14     | Found Hexiss's Gadget Shoppe.
 41600 | D:14     | Bought a phantom mirror for 420 gold pieces
 41600 | D:14     | Bought a phial of floods for 560 gold pieces
 41600 | D:14     | Bought a wand of digging (4) for 224 gold pieces
 41600 | D:14     | Bought a wand of paralysis (11) for 182 gold pieces
 41617 | D:14     | Identified the ring "Fuvuaw" {MR+ Dex+4} (You acquired it
                  | on level 14 of the Dungeon)
 41752 | D:14     | Found a white marble altar of Elyvilon.
 41789 | D:14     | Found Xuetawna's Assorted Antiques.
 41797 | D:14     | Bought a scroll of fear for 80 gold pieces
 41797 | D:14     | Bought a scroll of remove curse for 69 gold pieces
 41797 | D:14     | Bought a scroll of identify for 46 gold pieces
 41868 | D:14     | Found Soazelax's Assorted Antiques.
 41904 | D:15     | Entered Level 15 of the Dungeon
 42128 | D:15     | Reached skill level 5 in Staves
 43120 | D:15     | Found a staircase to the Depths.
 43896 | D:15     | Found Edeon's Jewellery Shop.
 43909 | D:15     | Bought a +6 ring of protection for 1092 gold pieces
 44646 | Snake:1  | Entered Level 1 of the Snake Pit
 44910 | Snake:1  | Reached XP level 16. HP: 108/115 MP: 22/22
 46660 | Snake:2  | Noticed Vashnia
 47021 | Snake:2  | Reached skill level 10 in Staves
 47709 | Snake:2  | Noticed Agnes
 47724 | Snake:2  | Killed Agnes
 48014 | Snake:2  | Killed Vashnia
 49376 | Snake:3  | Found a glowing silver altar of Zin.
 49592 | Snake:3  | Reached XP level 17. HP: 115/120 MP: 23/23
 49733 | Snake:3  | Found Dolyunteolo's Jewellery Shoppe.
 49736 | Snake:3  | Bought the ring of New Discoveries {rF+ Int-3 Slay+5
                  | Stlth+} for 924 gold pieces
 50603 | Shoals:1 | Entered Level 1 of the Shoals
 52237 | Shoals:2 | Reached skill level 10 in Evocations
 52448 | Shoals:2 | Identified a +1 pair of boots of running (You found it on
                  | level 2 of the Shoals)
 52771 | Shoals:3 | Found Icseokk's Mayhem Merchandise.
 52778 | Shoals:3 | Bought a wand of iceblast (8) for 144 gold pieces
 52778 | Shoals:3 | Bought a wand of iceblast (9) for 156 gold pieces
 52778 | Shoals:3 | Bought a wand of iceblast (6) for 120 gold pieces
 53087 | Shoals:3 | Found the +10 zealot's sword {holy, *Rage rN+ EV+3}
 54514 | Shoals:4 | Entered Level 4 of the Shoals
 54514 | Shoals:4 | Found a runed translucent door.
 56202 | Shoals:4 | Reached XP level 18. HP: 112/127 MP: 25/25
 56602 | Shoals:4 | Got a barnacled rune of Zot
 56725 | Shoals:4 | Found the +0 mask of the Dragon {MR+ Slay+3 SInv}
 57716 | Snake:4  | Entered Level 4 of the Snake Pit
 58612 | Snake:4  | Identified the +6 short sword of Suibliol {vorpal, MR+
                  | Int+5}
 58695 | Snake:3  | Bought a +5 amulet of reflection for 824 gold pieces
 58862 | Snake:4  | Found Piz Wihi's Antique Weapon Emporium.
 58979 | Snake:4  | Reached skill level 15 in Armour
 60591 | Snake:4  | Got a serpentine rune of Zot
 61269 | Vaults:1 | Entered Level 1 of the Vaults
 61638 | Vaults:1 | Reached skill level 10 in Shields
 62290 | Vaults:1 | Reached XP level 19. HP: 130/132 MP: 27/27
 62739 | Vaults:2 | Reached skill level 11 in Shields
 62956 | Vaults:2 | Found a flickering gateway to a bazaar.
 62961 | Bazaar   | Entered a bazaar
 63070 | Bazaar   | Found Cuts's Distillery.
 63088 | Bazaar   | Found Kyiqelymofa's Food Emporium.
 63105 | Bazaar   | Found Fatomeorph's Book Boutique.
 63122 | Bazaar   | Found Plog's Antique Armour Shoppe.
 63188 | Bazaar   | Bought a book of Enchantments for 350 gold pieces
 63800 | Vaults:2 | Reached skill level 12 in Shields
 65388 | Vaults:3 | Reached skill level 13 in Shields
 66024 | Vaults:3 | Reached XP level 20. HP: 127/139 MP: 27/29
 66374 | Vaults:3 | Reached skill level 14 in Shields
 67055 | Vaults:3 | Found a staircase to the Crypt.
 68039 | Vaults:4 | Found Zuwicw's Antique Armour Emporium.
 68045 | Vaults:4 | Reached skill level 15 in Shields
 68169 | Vaults:4 | Noticed Frederick
 68198 | Vaults:4 | Found a ruined gateway.
 68210 | Desolati | Entered the Desolation of Salt
 70652 | Desolati | Got a crude hunting sling
 70665 | Desolati | Got a crude amber ring
 70667 | Desolati | Identified the ring "Ylohulo" {rPois MR+} (You found it in
                  | the Desolation of Salt)
 70670 | Desolati | Identified the Handbook of Cankerous Changing
 70864 | Desolati | Cast into level 1 of the Abyss (ragged hierophant)
 70871 | Desolati | Escaped the Abyss
 71177 | Desolati | Identified the +10 hunting sling of Wisdom {flame, Str+6
                  | Int-4} (You found it in the Desolation of Salt)
 71184 | Desolati | Got a smoking turquoise ring
 71186 | Desolati | Identified the ring "Leitt" {rPois MP+9 Int+5} (You found
                  | it in the Desolation of Salt)
 71221 | Desolati | Reached skill level 10 in Throwing
 71443 | Vaults:4 | Killed Frederick
 71443 | Vaults:4 | Reached skill level 10 in Fighting
 71800 | Vaults:4 | Reached XP level 21. HP: 118/153 MP: 21/30
 72132 | Vaults:4 | Noticed Xtahua
 72150 | Vaults:4 | Killed Xtahua
 73150 | Depths:1 | Entered Level 1 of the Depths
 73526 | Depths:1 | Found Niudwayra's General Store.
 73635 | Depths:1 | Bought a scroll of enchant armour for 150 gold pieces
 73661 | Depths:1 | Found Veytod's Jewellery Shoppe.
 73661 | Depths:1 | Found Noycvech's Gadget Shop.
 73662 | Depths:1 | Found Ynelea's Gadget Shop.
 73680 | Depths:1 | Bought a tin of tremorstones for 300 gold pieces
 73680 | Depths:1 | Bought a wand of digging (7) for 440 gold pieces
 73680 | Depths:1 | Bought a wand of iceblast (10) for 280 gold pieces
 73684 | Depths:1 | Bought a wand of clouds (5) for 540 gold pieces
 73684 | Depths:1 | Bought a wand of acid (11) for 600 gold pieces
 73684 | Depths:1 | Bought a wand of paralysis (6) for 160 gold pieces
 73776 | Depths:1 | Noticed Sojobo
 74067 | Depths:1 | Killed Sojobo
 74528 | Depths:1 | Found a gateway to Hell.
 74537 | Depths:1 | Reached skill level 15 in Evocations
 74715 | Depths:1 | Found a gateway to a ziggurat.
 74923 | Depths:2 | Found Puifoe's Weapon Boutique.
 75148 | Depths:2 | Found Siosm's Antique Weapon Shop.
 75152 | Depths:2 | Found Rigipyef's Armour Boutique.
 75159 | Depths:2 | Bought a +0 cloak of magic resistance for 172 gold pieces
 75164 | Depths:2 | Bought the +9 plate armour of Ru's Benevolence {rCorr
                  | Int+4} for 1335 gold pieces
 75515 | Depths:2 | Found a blossoming altar of Fedhas.
 75579 | Depths:2 | Noticed a juggernaut
 75580 | Depths:2 | Noticed a caustic shrike
 75590 | Depths:2 | Killed a juggernaut
 75601 | Depths:2 | Killed a caustic shrike
 75606 | Depths:2 | Reached XP level 22. HP: 150/163 MP: 33/33
 75611 | Depths:2 | Noticed a caustic shrike
 75626 | Depths:2 | Killed a caustic shrike
 75644 | Depths:2 | Identified the amulet "Husuchom" {Reflect +Fly rElec SH+3}
 75912 | Depths:2 | Got a flickering lapis lazuli ring
 75914 | Depths:2 | Identified the ring "Guox Domn" {rF+ rN+ MR+ MP+9 Int-3}
                  | (You found it on level 2 of the Depths)
 75919 | Depths:2 | Got a sparkling ivory ring
 75921 | Depths:2 | Identified the ring of Pyll {*Tele rC+++ Int+5 Slay-2} (You
                  | found it on level 2 of the Depths)
 76044 | Depths:2 | Got a scorched ivory amulet
 76045 | Depths:2 | Identified the amulet "Enonlih" {Inacc +Blink rF+ rC-
                  | Dex+8} (You found it on level 2 of the Depths)
 76820 | Depths:2 | Found a one-way gate to the infinite horrors of the Abyss.
 78197 | Depths:3 | Found a one-way gate leading to the halls of Pandemonium.
 78380 | Depths:3 | Found Jaivay's Weapon Shop.
 78529 | Depths:3 | Found Wiasug's Assorted Antiques.
 78532 | Depths:3 | Bought a scroll of magic mapping for 108 gold pieces
 78612 | Depths:3 | Noticed a caustic shrike
 78632 | Depths:3 | Killed a caustic shrike
 78923 | Depths:3 | Found Avimp's Assorted Antiques.
 79221 | Depths:3 | Bought a scroll of identify for 82 gold pieces
 79221 | Depths:3 | Bought a scroll of enchant weapon for 307 gold pieces
 79221 | Depths:3 | Bought a scroll of identify for 82 gold pieces
 79221 | Depths:3 | Bought a scroll of fog for 82 gold pieces
 79221 | Depths:3 | Bought a tapered bone wand for 164 gold pieces
 79765 | Depths:3 | Reached XP level 23. HP: 105/179 MP: 22/34
 80595 | Depths:4 | Reached skill level 15 in Fighting
 80622 | Depths:4 | Noticed a juggernaut
 80632 | Depths:4 | Killed a juggernaut
 80651 | Depths:4 | Identified the +4 robe of Musuab {Str+3}
 81492 | Depths:4 | Noticed a caustic shrike
 81492 | Depths:4 | Noticed a juggernaut
 81516 | Depths:4 | Killed a juggernaut
 81520 | Depths:4 | Paralysed by a floating eye for 4 turns
 81535 | Depths:4 | Killed a caustic shrike
 81922 | Depths:5 | Entered Level 5 of the Depths
 81925 | Depths:5 | Noticed a juggernaut
 81944 | Depths:5 | Killed a juggernaut
 83208 | Depths:5 | Found a gate to the Realm of Zot.
 83240 | Depths:5 | Reached XP level 24. HP: 153/189 MP: 35/35
 84305 | Depths:5 | Found the +7 Spriggan's Knife {stab, EV+4 Stlth+}
 85026 | Elf:1    | Entered Level 1 of the Elven Halls
 85099 | Elf:1    | Noticed Azrael
 85117 | Elf:1    | Killed Azrael
 86694 | Elf:2    | Found a large runed translucent door.
 86694 | Elf:2    | Found a large runed translucent door.
 86720 | Elf:2    | Found a large runed translucent door.
 86720 | Elf:2    | Found a large runed translucent door.
 87170 | Elf:2    | Noticed Asterion
 87210 | Elf:2    | Killed Asterion
 87624 | Elf:3    | Entered Level 3 of the Elven Halls
 88473 | Elf:3    | Reached XP level 25. HP: 190/195 MP: 35/35
 88626 | Elf:3    | Reached skill level 1 in Stealth
 88981 | Elf:3    | Found the +3 giant club "Skullcrusher" {speed, Str+7}
 88981 | Elf:3    | Found the +7 Kryia's mail coat {PotionHeal*2 rC+}
 89000 | Elf:3    | Got a bloodstained halberd
 89028 | Elf:3    | Got an encrusted scythe
 89060 | Elf:3    | Identified the cursed +1 halberd of Exquisite Death {drain,
                  | rC+ Str+4 Dex+3} (You found it on level 3 of the Elven
                  | Halls)
 89061 | Elf:3    | Identified the cursed +1 scythe of the Scavenger {freeze,
                  | rPois rN+} (You found it on level 3 of the Elven Halls)
 89135 | Elf:3    | Got a warped shortbow
 89158 | Elf:3    | Identified the +6 shortbow of Benevolence {speed, +Fly rC-
                  | MP+9 Str+2} (You found it on level 3 of the Elven Halls)
 89202 | Elf:3    | Identified Otu Pyon's Collected Works on the Flamy Voyage
 90240 | Crypt:1  | Entered Level 1 of the Crypt
 90371 | Crypt:1  | Noticed Mara
 90386 | Crypt:1  | Noticed WasteTime4's illusion
 90394 | Crypt:1  | Noticed WasteTime4's illusion
 90415 | Crypt:1  | Killed Mara
 90620 | Crypt:1  | Reached skill level 5 in Stealth
 91013 | Crypt:1  | Noticed Aizul
 91042 | Crypt:1  | Killed Aizul
 92589 | Crypt:2  | Reached skill level 1 in Spellcasting
 92937 | Crypt:2  | Learned a level 3 spell: Portal Projectile
 92969 | Crypt:3  | Entered Level 3 of the Crypt
 93036 | Crypt:3  | Reached skill level 1 in Hexes
 93036 | Crypt:3  | Reached skill level 1 in Translocations
 93200 | Crypt:3  | Found a staircase to the Tomb.
 93578 | Crypt:3  | Gained mutation: You are strongly in touch with the powers
                  | of death. [Mummy growth]
 93578 | Crypt:3  | Reached XP level 26. HP: 158/205 MP: 36/36
 93759 | Crypt:3  | Identified the +1 leather armour of the Ant {rElec Int+2}
 93823 | Crypt:3  | Found an ancient bone altar of Kikubaaqudgha.
 93844 | Crypt:3  | Identified the amulet "Paenach" {rPois Regen+ Int+2 Slay+2}
 93911 | Crypt:3  | Found the +3 pair of gauntlets of War {Slay+5}
 93939 | Crypt:3  | Got an ancient amber ring
 93939 | Crypt:3  | Got a flickering copper ring
 93942 | Crypt:3  | Identified the ring "Rytren" {rN+ Str+5 Int+2 Stlth-} (You
                  | found it on level 3 of the Crypt)
 93944 | Crypt:3  | Identified the ring of Tosm {rN+ Stlth+} (You found it on
                  | level 3 of the Crypt)
 95054 | Slime:1  | Entered Level 1 of the Pits of Slime
 99449 | Slime:5  | Entered Level 5 of the Pits of Slime
100455 | Slime:5  | Reached skill level 5 in Hexes
100640 | Slime:5  | Reached skill level 5 in Translocations
100860 | Slime:5  | Reached skill level 10 in Dodging
100997 | Slime:5  | Found a viscous altar of Jiyva.
100999 | Slime:5  | Found the +15 Maxwell's patent armour {-Cast -Tele rElec
                  | MR+ rCorr}
101334 | Slime:5  | Found the +6 shillelagh "Devastator" {shatter}
101351 | Slime:5  | Noticed the Royal Jelly
101440 | Slime:5  | Killed the Royal Jelly
102476 | Slime:5  | Identified the Grimoire of the Volcano
102493 | Slime:5  | Got a slimy silver amulet
102509 | Slime:5  | Got a slimy cloak
102520 | Slime:5  | Identified the +1 cloak of the Queen {rPois rF+ rC+ Str+3}
                  | (You found it on level 5 of the Pits of Slime)
102535 | Slime:5  | Got a slimy rune of Zot
102587 | Slime:5  | Got a fine helmet
102598 | Slime:5  | Identified the cursed +0 helmet of the Beginning {*Drain
                  | rPois SInv} (You found it on level 5 of the Pits of Slime)
102678 | Slime:5  | Identified the amulet of Koomoth {Harm *Drain Fragile rPois
                  | Int+6 Dex+3} (You found it on level 5 of the Pits of Slime)
103560 | D:8      | Killed magipi's ghost
104041 | Zot:1    | Entered Level 1 of the Realm of Zot
106236 | Zot:1    | Reached XP level 27. HP: 82/214 MP: 36/36
107904 | Zot:3    | Noticed a juggernaut
107904 | Zot:3    | a Killer Klown changed into a juggernaut
107914 | Zot:3    | Killed a juggernaut
108260 | Zot:3    | Found the +4 Cigotuvi's embrace {rRot *Drain rN+}
109042 | Zot:3    | Got a heavily runed crystal plate armour
109058 | Zot:3    | Identified the +8 crystal plate armour "Feyton Semp" {rPois
                  | Str+3 Int-3} (You found it on level 3 of the Realm of Zot)
109900 | Vaults:5 | Entered Level 5 of the Vaults
109967 | Vaults:4 | Reached skill level 15 in Throwing
110880 | Vaults:5 | Identified the +6 short sword "Gram" {speed, *Corrode MR+
                  | Dex+4}
111870 | Vaults:5 | Identified the ring "Hylut" {rPois rF+ rCorr}
112675 | Vaults:5 | Identified the amulet "Adet" {RegenMP Int+6}
112887 | Vaults:5 | Identified the ring "Qiucvoil" {+Fly SInv}
113085 | Vaults:5 | Identified the Collected Works on Nocuous Clay
113105 | Vaults:5 | Got a silver rune of Zot
113187 | Vaults:5 | Identified the amulet "Pitif" {Acrobat Dex+3 Slay-2}
114639 | Zot:4    | Found a runed translucent gate.
114639 | Zot:4    | Found a runed translucent gate.
114639 | Zot:4    | Found a runed translucent gate.
114640 | Zot:4    | Found an opulent altar of Gozag.
114640 | Zot:4    | Found Geicavade's Assorted Antiques.
114645 | Zot:4    | Noticed Cuduzxun's ghost (veteran DDFi)
114724 | Zot:4    | Got a smoking tower shield
114735 | Zot:4    | Identified the +12 tower shield "Alaonaab" {*Drain Str+3
                  | Dex+6} (You found it on level 4 of the Realm of Zot)
115066 | Zot:4    | Got a shimmering scale mail
115471 | Zot:4    | Killed Cuduzxun's ghost
115523 | Zot:4    | Bought an ancient golden amulet for 270 gold pieces
115523 | Zot:4    | Bought a scroll of identify for 108 gold pieces
115523 | Zot:4    | Bought a scroll of magic mapping for 189 gold pieces
115523 | Zot:4    | Bought a scroll of identify for 108 gold pieces
115547 | Zot:4    | Identified the amulet "Filorch" {Faith *Corrode +Blink rC+
                  | rN+ Str+4} (You bought it in a shop on level 4 of the Realm
                  | of Zot)
115552 | Zot:4    | Identified the +5 scale mail of the Everdark {MR++} (You
                  | found it on level 4 of the Realm of Zot)
115591 | Zot:5    | Entered Level 5 of the Realm of Zot
115770 | Zot:5    | Reached skill level 16 in Shields
116325 | Zot:5    | Noticed an ancient lich
116326 | Zot:5    | Noticed an orb of fire
116339 | Zot:5    | Killed an ancient lich
116349 | Zot:5    | Noticed an orb of fire
116360 | Zot:5    | Killed an orb of fire
116375 | Zot:5    | Noticed an ancient lich
116385 | Zot:5    | Killed an ancient lich
116385 | Zot:5    | Reached skill level 17 in Shields
116389 | Zot:5    | Killed an orb of fire
116790 | Zot:5    | Noticed an orb of fire
116830 | Zot:5    | Killed an orb of fire
117172 | Zot:5    | Noticed an ancient lich
117178 | Zot:5    | Killed an ancient lich
117178 | Zot:5    | Reached skill level 18 in Shields
117341 | Zot:5    | Noticed an ancient lich
117352 | Zot:5    | Killed an ancient lich
117688 | Zot:5    | Noticed an ancient lich
117731 | Zot:5    | Killed an ancient lich
117751 | Zot:5    | Reached skill level 19 in Shields
117863 | Zot:5    | Noticed an ancient lich
117877 | Zot:5    | Noticed an ancient lich
117880 | Zot:5    | Noticed an ancient lich
117898 | Zot:5    | Killed an ancient lich
117899 | Zot:5    | Noticed an ancient lich
117903 | Zot:5    | Killed an ancient lich
117914 | Zot:5    | Killed an ancient lich
117930 | Zot:5    | Killed an ancient lich
118260 | Zot:5    | Reached skill level 20 in Shields
119153 | D:14     | Bought a box of beasts for 280 gold pieces
119153 | D:14     | Bought a box of beasts for 280 gold pieces
119153 | D:14     | Bought a box of beasts for 280 gold pieces
119211 | Depths:1 | Bought a box of beasts for 400 gold pieces
119307 | Depths:3 | Bought a box of beasts for 620 gold pieces
119307 | Depths:3 | Bought a wand of acid (9) for 248 gold pieces
119333 | Hell     | Entered the Vestibule of Hell
119333 | Hell     | Noticed Geryon
119884 | Hell     | Killed Geryon
120334 | Hell     | Reached skill level 21 in Shields
120342 | Hell     | Found a gateway to the Iron City of Dis.
120500 | Hell     | Found a gateway to the decaying netherworld of Tartarus.
120737 | Hell     | Found a gateway to the ashen valley of Gehenna.
120796 | Hell     | Found a gateway to the freezing wastes of Cocytus.
121092 | Dis:1    | Entered Level 1 of the Iron City of Dis
123095 | Dis:3    | Reached skill level 22 in Shields
123835 | Dis:3    | You fall into a shaft and drop 2 floors!
124843 | Dis:5    | You fall into a shaft and drop 1 floor!
125400 | Dis:6    | Reached skill level 23 in Shields
125631 | Dis:7    | Entered Level 7 of the Iron City of Dis
127223 | Dis:7    | Reached skill level 24 in Shields
127228 | Dis:7    | Cast into level 2 of the Abyss (hell knight)
127490 | Abyss:2  | Identified the +3 tower shield "Ofeoj" {rElec rPois Regen+
                  | Str-5 Stlth-}
127716 | Dis:7    | Escaped the Abyss
127759 | Dis:7    | Identified the +4 eveningstar "Etedemu" {drain, +Inv rF+
                  | Dex+4}
128235 | Dis:7    | Identified the ring "Xirotic" {rN+ MR+ EV+1}
128858 | Dis:7    | Reached skill level 25 in Shields
128960 | Dis:7    | Identified the +1 chain mail "Qaryoq" {rF++ Int+2}
129205 | Dis:7    | Identified the +2 mace of the Assorted Allies {flame, rN+
                  | Str+2 Int+3 Dex+3}
129205 | Dis:7    | Identified the +5 ring mail of the Desolation of Salt {+Inv
                  | rPois}
129690 | Dis:7    | Identified the Disquisition on Damaging Contamination
130001 | Dis:7    | Identified the +4 staff of Dispater
130001 | Dis:7    | Noticed Dispater
130466 | Dis:7    | Killed Dispater
131086 | Dis:7    | Got a shimmering helmet
131092 | Dis:7    | Identified the +3 helmet of the Ten Beds {*Contam rElec MR-
                  | Str+6} (You found it on level 7 of the Iron City of Dis)
131142 | Dis:7    | Got a shimmering eveningstar
131143 | Dis:7    | Identified the +3 eveningstar "Qyujurel" {flame, *Noise
                  | rElec SInv} (You found it on level 7 of the Iron City of
                  | Dis)
131167 | Dis:7    | Got an iron rune of Zot
132203 | Coc:1    | Entered Level 1 of Cocytus
132719 | Coc:1    | You fall into a shaft and drop 1 floor!
136729 | Coc:7    | Entered Level 7 of Cocytus
137626 | Coc:7    | Reached skill level 15 in Staves
138158 | Coc:7    | Reached skill level 10 in Hexes
138202 | Coc:7    | Reached skill level 10 in Translocations
138597 | Coc:7    | Noticed Antaeus
138940 | Coc:7    | Got a brightly glowing chain mail
138948 | Coc:7    | Got a spiked plate armour
138951 | Coc:7    | Got a warped rapier
138979 | Coc:7    | Identified the cursed +0 plate armour "Dazuab" {rPois} (You
                  | found it on level 7 of Cocytus)
138980 | Coc:7    | Identified the +8 chain mail of the Boiling Point {Dex+4}
                  | (You found it on level 7 of Cocytus)
138981 | Coc:7    | Identified the +4 rapier of the Goat {protect, rPois} (You
                  | found it on level 7 of Cocytus)
139300 | Coc:7    | Killed Antaeus
139311 | Coc:7    | Found the +3 crown of Dyrovepreva {rElec Int+2 SInv}
139322 | Coc:7    | Got a twisted robe
139335 | Coc:7    | Got an icy rune of Zot
139970 | Geh:1    | Entered Level 1 of Gehenna
140072 | Geh:1    | Learned a level 1 spell: Summon Butterflies
140184 | Geh:1    | Reached skill level 1 in Summonings
141047 | Geh:2    | Reached skill level 5 in Summonings
143462 | Geh:5    | Learned a level 5 spell: Summon Forest
144307 | Geh:7    | Entered Level 7 of Gehenna
144385 | Geh:7    | Reached skill level 10 in Summonings
145857 | Geh:7    | Identified the amulet of Zuyzeis {Harm *Drain +Inv Str+4}
146007 | Geh:7    | Identified the Catalogue of Black Arts and Earth
146398 | Geh:7    | Identified the +7 sceptre of Asmodeus
146398 | Geh:7    | Noticed Asmodeus
146466 | Geh:7    | Killed Asmodeus
147178 | Geh:7    | Got an obsidian rune of Zot
147333 | Geh:7    | Reached skill level 15 in Summonings
147760 | Hell     | Identified the cursed +1 robe of Midwinter {rF+ Regen+}
                  | (You found it on level 7 of Cocytus)
148462 | Tar:1    | Entered Level 1 of Tartarus
149724 | Tar:1    | Learned a level 4 spell: Dispel Undead
150861 | Tar:2    | Reached skill level 15 in Dodging
153939 | Tar:3    | Reached skill level 1 in Axes
154145 | Tar:3    | Reached skill level 5 in Axes
154618 | Tar:3    | You fall into a shaft and drop 2 floors!
154725 | Tar:5    | Reached skill level 10 in Axes
156381 | Tar:3    | Reached skill level 15 in Axes
159667 | Tar:7    | Entered Level 7 of Tartarus
161117 | Tar:7    | Noticed an ancient lich
161125 | Tar:7    | Killed an ancient lich
161805 | Tar:7    | Got a twitching granite ring
161818 | Tar:7    | Identified the ring "Tovatis" {rPois rF++ MR- Str+3 Slay+3}
                  | (You found it on level 7 of Tartarus)
161838 | Tar:7    | Got a brightly glowing scythe
161839 | Tar:7    | Identified the cursed +1 scythe of the Maze {antimagic,
                  | rF++} (You found it on level 7 of Tartarus)
162273 | Tar:7    | Noticed Ereshkigal
162900 | D:15     | Bought the ring "Otoisene" {Wiz MR++ Int+2 Slay+2} for 812
                  | gold pieces
163280 | Tar:6    | Learned a level 6 spell: Shadow Creatures
163735 | Tar:7    | Found the +2 hat of the Bear Spirit {Spirit, +Rage rN+
                  | MR++}
163896 | Tar:7    | Reached skill level 15 in Translocations
164099 | Tar:7    | Got a faintly glowing ring mail
164101 | Tar:7    | Got an ancient scimitar
164105 | Tar:7    | Identified the +7 scimitar of Wrongful Imprisonment {flame,
                  | rN+ Str+4} (You found it on level 7 of Tartarus)
164109 | Tar:7    | Identified the +3 ring mail of Ynanopn {MP-9 Str+10} (You
                  | found it on level 7 of Tartarus)
164377 | Tar:7    | Learned a level 4 spell: Passage of Golubria
164737 | Tar:7    | Reached skill level 5 in Spellcasting
164755 | Tar:7    | Got an ancient leather armour
164802 | Tar:7    | Identified the +1 leather armour of the Merchant {+Blink
                  | rPois Regen+ Dex+6} (You found it on level 7 of Tartarus)
166170 | Tar:7    | Killed Ereshkigal
166246 | Tar:7    | Got a bone rune of Zot
167067 | Pan      | Entered Pandemonium
167118 | Pan      | Reached skill level 1 in Necromancy
167213 | Pan      | Noticed Enae the pandemonium lord
167264 | Pan      | Killed Enae the pandemonium lord
167264 | Pan      | Reached skill level 5 in Necromancy
167621 | Pan      | Got a crystal war axe
167624 | Pan      | Identified the +8 war axe "Mogiosm" {vorpal, rN+ MR+ Int+4
                  | Dex-2} (You found it in Pandemonium)
168335 | Pan      | Reached skill level 10 in Necromancy
168436 | Pan      | Entered the realm of Lom Lobon.
173755 | Pan      | Reached skill level 15 in Necromancy
175191 | Pan      | Noticed Lom Lobon
175225 | Pan      | Killed Lom Lobon
175374 | Pan      | Got a magical rune of Zot
176241 | Pan      | Identified the cursed +1 shortbow "Ishromej" {flame, rElec
                  | rN+ MP+9}
176255 | Pan      | Noticed a seraph
176418 | Pan      | Learned a level 3 spell: Vampiric Draining
176424 | Pan      | Learned a level 5 spell: Agony
176971 | Pan      | Learned a level 5 spell: Borgnjor's Vile Clutch
177046 | Pan      | Reached skill level 1 in Earth Magic
177573 | Pan      | Identified the +3 great mace "Demonbane" {vorpal, Int+3
                  | Dex+4}
177573 | Pan      | Identified the +3 scale mail of Fashionability {rF+ Dex+4}
177652 | Pan      | Reached skill level 5 in Earth Magic
177910 | Pan      | Found a glowing silver altar of Zin.
178771 | Pan      | Identified WasteTime4's Catalogue of Creative Curses (You
                  | acquired it in Pandemonium)
178771 | Pan      | Identified the ring "Sivesk" {EV+3 Str+2} (You acquired it
                  | in Pandemonium)
179784 | Pan      | Reached skill level 10 in Earth Magic
180253 | Pan      | Found a white marble altar of Elyvilon.
180930 | Pan      | Identified the +8 tower shield of Bedevilment {rC++ MR+}
181496 | Pan      | Identified the +7 tower shield of Uzumah {rPois Str+8}
182308 | Pan      | Identified the cursed +0 swamp dragon scales of Oqap {+Inv
                  | rPois}
182309 | Pan      | Killed a seraph
182507 | Pan      | Found a glowing golden altar of the Shining One.
182879 | Pan      | Got a demonic rune of Zot
183016 | Depths:3 | Escaped Pandemonium
183582 | Pan      | Entered Pandemonium
183585 | Pan      | Found a transporter.
183913 | Pan      | Found an exit through the horrors of the Abyss.
183958 | Pan      | Identified the amulet "Vicouf" {Harm *Drain rElec Str+2}
184002 | Pan      | Found a transporter.
184784 | Pan      | Identified the Papyrus of Frigorific Enhancements
184800 | Pan      | Got a heavily runed brass ring
184823 | Pan      | Got an ancient whip
184824 | Pan      | Identified the +5 whip "Beast's Peril" {vamp, Str+3 SInv}
                  | (You found it in Pandemonium)
184828 | Pan      | Identified the ring of Noemof {*Corrode +Fly rF+ Slay+2}
                  | (You found it in Pandemonium)
184848 | Pan      | Got a dull robe
184849 | Pan      | Identified the cursed +0 robe of Yesterday {Str+3 Stlth+}
                  | (You found it in Pandemonium)
185642 | Pan      | Noticed Vuddiguy the pandemonium lord
185668 | Pan      | Killed Vuddiguy the pandemonium lord
185874 | Pan      | Noticed Avouv the pandemonium lord
185897 | Pan      | Killed Avouv the pandemonium lord
185984 | Pan      | Got a twisted rapier
186075 | Pan      | Identified the +9 rapier "Kudghet" {vorpal, rF+++ Str+3
                  | Dex-5} (You found it in Pandemonium)
186306 | Pan      | Found an exit through the horrors of the Abyss.
186499 | Pan      | Noticed Epasap the pandemonium lord
186525 | Pan      | Killed Epasap the pandemonium lord
186696 | Pan      | Found an exit through the horrors of the Abyss.
186705 | Pan      | Reached skill level 15 in Earth Magic
187317 | Pan      | Entered the realm of Gloorx Vloq.
187735 | Pan      | Reached skill level 10 in Stealth
187780 | Pan      | Got a transparent halberd
187781 | Pan      | Identified the +7 halberd "Jellybane" {vorpal, rF+} (You
                  | found it in Pandemonium)
188734 | Pan      | Learned a level 8 spell: Ignition
188802 | Pan      | Noticed Gloorx Vloq
188823 | Pan      | Killed Gloorx Vloq
188842 | Pan      | Got a dark rune of Zot
188961 | Pan      | Found an exit through the horrors of the Abyss.
189615 | Pan      | Reached skill level 5 in Fire Magic
189739 | Pan      | Identified the +4 war axe of Daattas Xiro {protect, rF+
                  | rC+} (You acquired it in Pandemonium)
189739 | Pan      | Identified the amulet of Simem {RegenMP rElec rF- rN+
                  | Str+3} (You acquired it in Pandemonium)
189741 | Pan      | Identified the ring of the Shining Light {rPois Str+6 SInv}
                  | (You acquired it in Pandemonium)
189741 | Pan      | Identified the +3 kite shield of Jitail {Slay+3} (You
                  | acquired it in Pandemonium)
190209 | Pan      | Found an exit through the horrors of the Abyss.
190299 | Pan      | Noticed Tipsag the pandemonium lord
190316 | Pan      | Killed Tipsag the pandemonium lord
190951 | Pan      | Got a bloodstained long sword
190952 | Pan      | Identified the +11 long sword of Uffuruw {protect, rN+++
                  | MR+ Str+3 Stlth-} (You found it in Pandemonium)
191619 | Pan      | Noticed Vaupiakh the pandemonium lord
191662 | Pan      | Killed Vaupiakh the pandemonium lord
191821 | Pan      | Reached skill level 15 in Stealth
192188 | Pan      | Reached skill level 10 in Fire Magic
192450 | Pan      | Entered the realm of Cerebov.
193085 | Pan      | Identified the +4 tower shield "Bamoj" {rElec rC+}
193085 | Pan      | Identified the ring "Feduwn" {rElec rN+ Int-3 SInv}
193089 | Pan      | Identified the +9 morningstar of Discomfort {freeze, rElec
                  | rPois rC-}
193574 | Pan      | Identified the +6 sword of Cerebov {flame}
193574 | Pan      | Noticed Cerebov
193612 | Pan      | Killed Cerebov
193871 | Pan      | Got a fiery rune of Zot
193905 | Pan      | Got a transparent long sword
193913 | Pan      | Identified the +1 long sword "Gram" {freeze, rC+} (You
                  | found it in Pandemonium)
194758 | Pan      | Found a huge runed translucent gate.
194815 | Pan      | Found a huge runed translucent gate.
194816 | Pan      | Found a huge runed translucent gate.
194817 | Pan      | Found a huge runed translucent gate.
194818 | Pan      | Found a huge runed translucent gate.
194819 | Pan      | Found a huge runed translucent gate.
194820 | Pan      | Found a huge runed translucent gate.
195055 | Pan      | Noticed Buhauzau the pandemonium lord
195074 | Pan      | Killed Buhauzau the pandemonium lord
195128 | Pan      | Entered the realm of Mnoleg.
195144 | Pan      | Paralysed by a floating eye for 3 turns
195152 | Pan      | Paralysed by a floating eye for 4 turns
195164 | Pan      | Paralysed by a floating eye for 2 turns
195760 | Pan      | Found an exit through the horrors of the Abyss.
196033 | Pan      | Noticed Mnoleg
196067 | Pan      | Paralysed by a floating eye for 3 turns
196071 | Pan      | HP: 11/231 [tentacled monstrosity[Mnoleg] (2)]
196072 | Pan      | HP: 5/231 [tentacled monstrosity[Mnoleg] (3)]
196073 | Pan      | Slain by a large abomination

Levels and vault maps discovered:
D:1:      tarquinn_simple_flora_water_f, layout_loops_ring
D:2:      layout_basic, hangedman_decor_lopped, uniq_robin
D:3:      gammafunk_steamed_eel, layout_basic, portal_sewer_entry_a
D:4:      layout_layer_cave, okawaru_altar_gauntlet_db, temple_green,
          serial_shops, nicolae_shop_waterfront, kennysheep_decorative_pillar
D:5:      layout_cave_pools, first_ration, hex_tiny
D:6:      layout_basic, nicolae_dithmenos_the_darkroom
D:7:      layout_loops_cross, xom_shifter_show
D:8:      minmay_spotlight, layout_basic, dpeg_oklobed_lair,
          gammafunk_ghost_stat_death
D:9:      layout_basic, chequers_temple_overflow_statue_of_worship,
          serial_shops, shop_fountains, shop
D:10:     layout_loops_ring, enter_bailey_2, uniq_erica, uniq_sonja,
          uniq_gastronok
D:11:     layout_loops_ring, orc_0_dummy, basic_altar
D:12:     lemuel_ogre_cave, layout_loops_ring, minmay_stone_trees_small,
          guppyfry_shop_venom
D:13:     layout_basic, grunt_vaults_entry_tiered
D:14:     layout_basic, old_standard_altar, serial_shops, shop, shop,
          nicolae_shop_overgrown_old_shop, shop_coins, nicolae_shop_stone
D:15:     gammafunk_depths_entry_grave, layout_irregular_city, serial_shops,
          shop
Temple:   nicolae_temple_x_marks_the_god
Lair:1:   beast_lair_carwin_large_1, layout_chaotic_city
Lair:2:   layout_loops_ring, minmay_shoals_entry_lonely_mermaid,
          minmay_snake_entry_guardpost_medium, st_stairs_4, disabler_island
Lair:3:   layout_cave_shapes, infiniplex_staircase_pool
Lair:4:   layout_roguey
Lair:5:   layout_hall_layers, minmay_slime_entry_pillars
Lair:6:   minmay_lair_end_frog_pond, layout_regular_city, uniq_josephine
Shoals:1: layout_shoals
Shoals:2: layout_shoals
Shoals:3: layout_shoals, minmay_shop_mayhem
Shoals:4: shoals_end_simple, layout_shoals, lightli_airlock
Snake:1:  layout_grid_maze
Snake:2:  layout_rooms, uniq_vashnia, uniq_agnes
Snake:3:  layout_rooms, basic_altar, serial_shops, shop, grunt_megastairs_1
Snake:4:  snake_pit, layout_rooms, serial_shops, nicolae_shop_trees, st_stairs_5
Slime:1:  cheibrodos_slime_lost_civilization_8, layout_caves
Slime:2:  nicolae_slime_jelly_donut, layout_caves, nicolae_slime_barrier
Slime:3:  layout_caves
Slime:4:  layout_caves
Slime:5
Orc:1:    layout_diamond_mine, portal_ice_cave_entry_pillars_2,
          minmay_orc_barracks
Orc:2:    st_orc_pillars, layout_diamond_mine, serial_shops, shop, uniq_nessos
Elf:1:    minmay_slanted_spiral_squares, layout_loops_corners, minivault_28,
          uniq_azrael
Elf:2:    layout_onion_city, uniq_asterion
Elf:3:    minmay_elf_hall, layout_gridlike
Vaults:1: vaults_mumra_minichess, nicolae_vaults_network_quinsquares
          [nicolae_vaults_network_quincunx_subvault,
          nicolae_vaults_network_quincunx_subvault,
          nicolae_vaults_network_quincunx_subvault,
          nicolae_vaults_network_quincunx_subvault], serial_ice_m,
          nicolae_vaults_theta, v_misc_5, nicolae_vaults_little_squares_5,
          ontoclasm_vaults_ligature, v_misc_14, grunt_vaults_trifunnel,
          nicolae_vaults_little_squares_2, vaults_dpeg_ring, serial_ice_h,
          layout_vaults_big_room
Vaults:2: vaults_room_door_ring, vaults_mumra_minichess_inversion,
          grunt_vaults_hallway_short, vaults_dpeg_spiral, vaults_dpeg_cross,
          v_misc_23, vaults_room_fours, v_pattern_1,
          nicolae_vaults_circle_grid_b, nicolae_vaults_twisting_passages,
          nicolae_vaults_circle_grid_a, vaults_standard_mumra_lines,
          nicolae_vaults_little_squares_2, hangedman_vaults_maws,
          nicolae_vaults_shelves_hall, layout_vaults_ring, serial_shops,
          bzr_entry_road
Vaults:3: vaults_room_large_hall, v_misc_4, v_rooms_5, hangedman_vaults_stream,
          nicolae_vaults_asterisk, ontoclasm_vaults_ring_square,
          ontoclasm_vaults_misaligned, nicolae_vaults_mini_display_case,
          minmay_crypt_entry_simple_plaza, st_spiral_rooms,
          ontoclasm_vaults_shuriken, dpeg_vaults_monster_row, v_alt_pattern_6,
          v_alt_pattern_1, grunt_vaults_hallway_short, vaults_dpeg_encased_lava,
          layout_vaults_omnicross
Vaults:4: v_misc_25, v_rooms_5, vaults_room_ringed_pool, hangedman_vaults_locks,
          v_rooms_5, v_misc_30, nicolae_vaults_big_angled_halls,
          ontoclasm_vaults_ring_large, v_pattern_2, hangedman_vaults_slice,
          nicolae_vaults_shelves_hall, layout_vaults_omnibox,
          portal_desolation_entry_garden, serial_shops,
          nicolae_shop_overgrown_old_shop, uniq_frederick, uniq_xtahua
Vaults:5: serial_shops
Crypt:1:  layout_regular_city, palyth_stone_intersect, st_stairs_10,
          st_vampire_maze, grunt_megastairs_3, uniq_mara, uniq_aizul
Crypt:2:  layout_regular_city, minmay_misc_feat_five, lemuel_dead_fish_pool
Crypt:3:  church_of_pain_bobbens, layout_chaotic_city, nicolae_crypt_niches,
          minivault_4, minmay_misc_feat_pillars
Depths:1: layout_cave_shapes, enter_ziggurat_f, serial_shops,
          nicolae_shop_trees, minmay_misc_feat_four_crosses,
          grunt_mini_vestibule, kennysheep_opposing_triangles,
          serial_bayou_shore_b, minmay_shop_grove, uniq_sojobo
Depths:2: minmay_the_grid_triangle_9x9_line_8_mashed
          [minmay_the_grid_triangle_9x9_dagger,
          minmay_the_grid_triangle_9x9_thin_v,
          minmay_the_grid_triangle_9x9_shrine,
          minmay_the_grid_triangle_9x9_minimal,
          minmay_the_grid_triangle_9x9_warning,
          minmay_the_grid_triangle_9x9_sparse_checkered,
          minmay_the_grid_triangle_9x9_corrupted_corridor,
          minmay_the_grid_triangle_9x9_prize_special], layout_gridlike,
          minmay_room_of_horrors, hell_entry, minmay_staircase_windowed_small,
          minmay_shop_star
Depths:3: hangedman_arch_fort, layout_long_grid, pan_entry, serial_shops,
          nicolae_shop_overgrown_old_shop, nicolae_shop_waterfront,
          kennysheep_mini_moat, hell_entry, eino_curves_02, st_stairs_10
Depths:4: hangedman_pleasuredromes, hell_entry, abyss_entry
Depths:5: grunt_crosshair, layout_basic, corexii_corridor_pit, pan_entry,
          pf_coc_iceberg, grunt_ministairs_13, nrook_pool_corridor
Hell
Dis:1:    layout_regular_city, hangedman_dis_chains
Dis:2:    lightli_tower_of_babel, layout_chaotic_city, hangedman_player_shredder
Dis:3:    layout_subdivisions
Dis:5:    layout_gridville
Dis:6:    layout_subdivisions
Dis:7:    iron_city_of_dis [dis_grunt, dis_wall_5], layout_chaotic_city
Geh:1:    layout_gehenna_lava_caves
Geh:2:    layout_gehenna_pools_triple, lemuel_hellion_isle
Geh:3:    layout_gehenna_pools_box
Geh:4:    layout_gehenna_pools_box
Geh:5:    layout_gehenna_pools_triple
Geh:6:    layout_gehenna_lava_caves, lemuel_elevator
Geh:7:    geh_grunt_pentagon
Coc:1:    layout_cocytus_water_paths
Coc:2:    layout_cocytus_water_paths
Coc:3:    layout_cocytus_water_paths
Coc:4:    layout_cocytus_water_paths
Coc:5:    layout_ice_bergs
Coc:6:    layout_cocytus_water_paths
Coc:7:    coc_hangedman
Tar:1:    layout_grid_maze
Tar:2:    layout_honeycomb, lemuel_elevator
Tar:3:    layout_honeycomb
Tar:4:    layout_grid_maze
Tar:5:    layout_honeycomb, nicolae_tar_cuneiform_water
Tar:6:    layout_catacombs
Tar:7:    tar_old
Zot:1:    layout_gridlike, lemuel_flame_loot_1
Zot:2:    layout_misc_corridors, hangedman_zot_decor_unnerving_road
Zot:3:    ebering_greatest_show_in_zot, layout_basic
Zot:4:    layout_misc_corridors, ebering_ghost_gozag, st_small_dragon_hoard_1
Zot:5:    layout_misc_corridors
Pan:      evilmike_mini_pan_branches, layout_basic, lom_lobon_grunt,
          layout_small_grid, nicolae_pan_lom_lobonic_3, evilmike_holy_pan,
          gammafunk_dig_for_victory, layout_irregular_city,
          pan_blood_fountain_small, evilmike_mini_pan_T, layout_irregular_city,
          nicolae_pan_cerebovesque_2, nicolae_pan_glass_arcs,
          layout_grid_shapes, evilmike_mini_pan_3x3, layout_pan_divisions_b
          [pan_division_quadrant_b4, pan_division_quadrant_b6,
          pan_division_quadrant_b5, pan_division_quadrant_b1],
          evilmike_gloorx_vloq_box, layout_irregular_city,
          pan_blood_fountain_small, pan_captured_pigsty,
          nicolae_pan_gloorx_vloqian_2, evilmike_mini_pan_pillars,
          layout_small_grid, special_room [special_room_demon_pit],
          pan_blood_fountain_2, evilmike_mini_pan_corner, layout_gridville,
          pan_disco_hall, layout_gridlike, pan_blood_fountain,
          cerebov_grunt_fire_and_steel, layout_rooms, pan_blood_fountain,
          nicolae_pan_giant_door, layout_pan_divisions_a
          [pan_division_quadrant_a5, pan_division_quadrant_a6,
          pan_division_quadrant_a3, pan_division_quadrant_a1,
          pan_division_octagon_empty], nicolae_pan_sigil_eeng,
          evilmike_mnoleg_eyes, layout_long_grid

Skill      XL: |  1  2  3  4  5  6  7  8  9 10 11 12 13 14 15 16 17 18 19 20 21 22 23 24 25 26 27 |
---------------+----------------------------------------------------------------------------------+-----
Short Blades   | 1 2 3 4 5 6 8 10 11 12 | 12.0
Shields        | 2 4 6 9 10 13 15 25 | 25.0
Dodging        | 3 5 6 7 10 15 | 15.0
Armour         | 4 8 11 12 14 15 17 18 20 23 | 23.4
Throwing       | 4 6 7 9 10 12 20 | 20.0
Evocations     | 2 5 6 8 10 11 12 15 16 17 18 22 | 22.0
Fighting       | 5 7 10 11 14 15 16 17 22 | 22.0
Staves         | 8 11 15 | 15.0
Stealth        | 7 15 | 15.0
Spellcasting   | 3 7 |  7.8
Hexes          | 3 5 12 | 12.0
Translocations | 3 5 15 | 15.0
Summonings     | 20 | 20.0
Axes           | 17 | 17.9
Necromancy     | 15 | 15.5
Earth Magic    | 15 | 15.0
Fire Magic     | 14 | 14.3
Maces & Flails | |  0.4

Action                   |  1- 3 |  4- 6 |  7- 9 | 10-12 | 13-15 | 16-18 | 19-21 | 22-24 | 25-27 || total
-------------------------+-------+-------+-------+-------+-------+-------+-------+-------+-------++-------
Melee: Short sword       |   229 |   265 |   412 |   689 |  1749 |       |       |       |       ||  3344
       Whip              |       |    18 |       |       |       |       |       |       |       ||    18
       Dagger            |       |       |     6 |    16 |   169 |       |       |       |       ||   191
       Scimitar          |       |       |       |       |    19 |       |       |       |       ||    19
       Staff             |       |       |       |       |   416 |  1889 |  1999 |  2020 | 16618 || 22942
       Broad axe         |       |       |       |       |       |       |       |       |  3452 ||  3452
Throw: Javelin           |       |    11 |     1 |    49 |    33 |    11 |    25 |    18 |   338 ||   486
       Dart              |       |     7 |    39 |   124 |    27 |     8 |     2 |       |    10 ||   217
       Throwing net      |       |     2 |       |     4 |     7 |       |       |       |     3 ||    16
       Boomerang         |       |       |       |    16 |     2 |   121 |    86 |     4 |    20 ||   249
 Cast: Shadow Creatures  |       |       |       |       |       |       |       |       |    64 ||    64
       Portal Projectile |       |       |       |       |       |       |       |       |    27 ||    27
       Passage of Golubr |       |       |       |       |       |       |       |       |     9 ||     9
       Agony             |       |       |       |       |       |       |       |       |     4 ||     4
       Summon Forest     |       |       |       |       |       |       |       |       |     4 ||     4
       Summon Butterflie |       |       |       |       |       |       |       |       |     2 ||     2
       Borgnjor's Vile C |       |       |       |       |       |       |       |       |     1 ||     1
Invok: Potion Petition   |       |       |       |       |     2 |     1 |       |     1 |     9 ||    13
 Abil: Evoke Flight      |       |       |       |       |       |       |       |       |     4 ||     4
       Stop Flying       |       |       |       |       |       |       |       |       |     1 ||     1
Evoke: Wand              |       |       |       |     6 |     5 |     2 |    12 |    12 |    36 ||    73
       Lightning rod     |       |       |       |       |       |     1 |       |    12 |    11 ||    24
       Box of beasts     |       |       |       |       |       |       |       |       |    14 ||    14
       Tin of tremorston |       |       |       |       |       |       |       |       |    13 ||    13
       Phial of floods   |       |       |       |       |       |       |       |       |     5 ||     5
       Phantom mirror    |       |       |       |       |       |       |       |       |     3 ||     3
       Staff of Dispater |       |       |       |       |       |       |       |       |     1 ||     1
  Use: Scroll            |       |     7 |     3 |     6 |    15 |     6 |     4 |     4 |    66 ||   111
 Stab: Distracted        |       |       |     3 |     4 |     6 |     7 |    13 |    12 |   173 ||   218
       Held in net/web   |       |       |       |     3 |     6 |       |       |       |     8 ||    17
       Sleeping          |       |       |       |     4 |     3 |     1 |       |       |       ||     8
       Invisible         |       |       |       |       |     1 |       |       |       |     2 ||     3
       Confused          |       |       |       |       |     1 |       |       |       |       ||     1
Armor: Leather armour    |    60 |    85 |   106 |    98 |       |       |       |       |       ||   349
       Crystal plate arm |       |       |       |    74 |   472 |  1261 |   827 |   892 |  6154 ||  9680
       Plate armour      |       |       |       |       |   266 |       |       |       |       ||   266
       Ring mail         |       |       |       |       |    38 |       |       |       |       ||    38
Dodge: Dodged            |   127 |   145 |   126 |   276 |   582 |   312 |   263 |   272 |  3343 ||  5446
Block: Buckler           |       |    14 |    67 |   117 |   381 |   612 |   304 |       |       ||  1495
       Reflection        |       |       |       |       |    15 |   106 |    29 |    81 |    88 ||   319
       Kite shield       |       |       |       |       |       |       |   288 |  1102 |  1658 ||  3048
       Tower shield      |       |       |       |       |       |       |       |       | 19474 || 19474
       Rpst.: Scimitar   |       |       |       |       |     2 |       |       |       |       ||     2

Table legend:
 A = Non-vault XP
 B = Vault XP
 C = Vault XP percentage of total XP
 D = Non-vault monster count
 E = Vault monster count
 F = Vault count percentage of total count
                 A         B        C        D         E       F
            +---------+---------+-------+---------+---------+-------
      Total | 3369656 | 1943576 |  36.6 |    5055 |    1858 |  26.9
            +---------+---------+-------+---------+---------+-------
        D:1 |      28 |       0 |   0.0 |      15 |       0 |   0.0
        D:2 |      58 |      34 |  37.0 |      27 |      12 |  30.8
        D:3 |     153 |     182 |  54.3 |      21 |       7 |  25.0
        D:4 |     257 |      11 |   4.1 |       8 |       6 |  42.9
        D:5 |     453 |       0 |   0.0 |      20 |       0 |   0.0
        D:6 |     623 |       0 |   0.0 |      18 |       0 |   0.0
        D:7 |     493 |       0 |   0.0 |      14 |       0 |   0.0
        D:8 |    1108 |    1673 |  60.2 |      25 |      12 |  32.4
        D:9 |    2534 |       0 |   0.0 |      28 |       0 |   0.0
       D:10 |    3052 |    3881 |  56.0 |      26 |       3 |  10.3
       D:11 |    3417 |       0 |   0.0 |      32 |       0 |   0.0
       D:12 |    5586 |    1246 |  18.2 |      29 |       9 |  23.7
       D:13 |    5893 |    8671 |  59.5 |      26 |      25 |  49.0
       D:14 |    9040 |    1383 |  13.3 |      18 |       2 |  10.0
       D:15 |   17572 |    3281 |  15.7 |      41 |       6 |  12.8
     Lair:1 |    2303 |    1532 |  39.9 |      11 |       8 |  42.1
     Lair:2 |    2967 |    3378 |  53.2 |      11 |      12 |  52.2
     Lair:3 |    5106 |       0 |   0.0 |      17 |       0 |   0.0
     Lair:4 |    3236 |       0 |   0.0 |      12 |       0 |   0.0
     Lair:5 |   13346 |    7188 |  35.0 |      35 |      31 |  47.0
     Lair:6 |   10057 |    7985 |  44.3 |      27 |      28 |  50.9
   Shoals:1 |   13812 |       0 |   0.0 |      31 |       0 |   0.0
   Shoals:2 |   13587 |       0 |   0.0 |      27 |       0 |   0.0
   Shoals:3 |   19641 |       0 |   0.0 |      37 |       0 |   0.0
   Shoals:4 |   13598 |   28347 |  67.6 |      31 |      46 |  59.7
    Snake:1 |   17531 |     850 |   4.6 |      33 |       1 |   2.9
    Snake:2 |   26659 |    9237 |  25.7 |      45 |       5 |  10.0
    Snake:3 |   18558 |    4031 |  17.8 |      28 |       5 |  15.2
    Snake:4 |   12047 |   34080 |  73.9 |      24 |      46 |  65.7
    Slime:1 |    5950 |       0 |   0.0 |       9 |       0 |   0.0
    Slime:2 |   15047 |     378 |   2.5 |      26 |       9 |  25.7
    Slime:3 |    7597 |       0 |   0.0 |      18 |       0 |   0.0
    Slime:4 |   20046 |    1013 |   4.8 |      41 |       1 |   2.4
    Slime:5 |    8068 |   33251 |  80.5 |      13 |      14 |  51.9
      Orc:1 |    2924 |    1384 |  32.1 |      39 |      18 |  31.6
      Orc:2 |    2556 |   11756 |  82.1 |      33 |      61 |  64.9
      Elf:1 |   21381 |   13833 |  39.3 |      34 |      27 |  44.3
      Elf:2 |   24411 |   25039 |  50.6 |      40 |      29 |  42.0
      Elf:3 |   19614 |   49751 |  71.7 |      39 |      28 |  41.8
   Vaults:1 |    5554 |   15546 |  73.7 |      14 |      22 |  61.1
   Vaults:2 |   30986 |   29970 |  49.2 |      51 |      45 |  46.9
   Vaults:3 |   33791 |   33314 |  49.6 |      76 |      36 |  32.1
   Vaults:4 |   27343 |  105772 |  79.5 |      41 |      90 |  68.7
   Vaults:5 |   23102 |   42543 |  64.8 |      40 |      35 |  46.7
    Crypt:1 |   29681 |   27170 |  47.8 |      51 |      21 |  29.2
    Crypt:2 |   39783 |    1085 |   2.7 |      55 |       3 |   5.2
    Crypt:3 |   23583 |   56025 |  70.4 |      34 |      71 |  67.6
   Depths:1 |   41974 |   17147 |  29.0 |      66 |      12 |  15.4
   Depths:2 |   54857 |   56060 |  50.5 |      74 |      46 |  38.3
   Depths:3 |   36252 |   36289 |  50.0 |      57 |      33 |  36.7
   Depths:4 |   15734 |  102828 |  86.7 |      15 |      81 |  84.4
   Depths:5 |   45848 |   25091 |  35.4 |      40 |      17 |  29.8
       Hell |   32409 |   36695 |  53.1 |      47 |      53 |  53.0
      Dis:1 |   31343 |       0 |   0.0 |      74 |       0 |   0.0
      Dis:2 |    1648 |    7809 |  82.6 |       7 |      21 |  75.0
      Dis:3 |   38334 |       0 |   0.0 |      52 |       0 |   0.0
      Dis:5 |   36908 |       0 |   0.0 |      72 |       0 |   0.0
      Dis:6 |   35868 |       0 |   0.0 |      52 |       0 |   0.0
      Dis:7 |  130840 |  121659 |  48.2 |     202 |      88 |  30.3
      Geh:1 |   63382 |       0 |   0.0 |     129 |       0 |   0.0
      Geh:2 |   14968 |       0 |   0.0 |      20 |       0 |   0.0
      Geh:3 |   27239 |       0 |   0.0 |      55 |       0 |   0.0
      Geh:4 |   72309 |       0 |   0.0 |     145 |       0 |   0.0
      Geh:5 |   20824 |       0 |   0.0 |      58 |       0 |   0.0
      Geh:6 |   13958 |       0 |   0.0 |      36 |       0 |   0.0
      Geh:7 |  136856 |   55516 |  28.9 |     223 |      42 |  15.8
      Coc:1 |   15248 |       0 |   0.0 |      39 |       0 |   0.0
      Coc:2 |  103680 |       0 |   0.0 |     120 |       0 |   0.0
      Coc:3 |   27681 |       0 |   0.0 |      65 |       0 |   0.0
      Coc:4 |   18044 |       0 |   0.0 |      41 |       0 |   0.0
      Coc:5 |   27950 |       0 |   0.0 |      20 |       0 |   0.0
      Coc:6 |    1014 |       0 |   0.0 |       3 |       0 |   0.0
      Coc:7 |  106937 |   93061 |  46.5 |     148 |      80 |  35.1
      Tar:1 |   61822 |       0 |   0.0 |      74 |       0 |   0.0
      Tar:2 |  125685 |       0 |   0.0 |     117 |       0 |   0.0
      Tar:3 |   87295 |       0 |   0.0 |     134 |       0 |   0.0
      Tar:4 |   51580 |       0 |   0.0 |      70 |       0 |   0.0
      Tar:5 |   81623 |       0 |   0.0 |     118 |       0 |   0.0
      Tar:6 |   39363 |       0 |   0.0 |      76 |       0 |   0.0
      Tar:7 |  239354 |  106726 |  30.8 |     241 |      80 |  24.9
      Zot:1 |   32384 |       0 |   0.0 |      18 |       0 |   0.0
      Zot:2 |   54070 |    8698 |  13.9 |      32 |       8 |  20.0
      Zot:3 |   59042 |   41975 |  41.6 |      37 |      14 |  27.5
      Zot:4 |   36278 |   23046 |  38.8 |      20 |      11 |  35.5
      Zot:5 |   60959 |  187011 |  75.4 |      34 |      41 |  54.7
    Abyss:2 |   25640 |       0 |   0.0 |      44 |       0 |   0.0
        Pan |  698324 |  410291 |  37.0 |     809 |     312 |  27.8
      Sewer |       0 |     180 | 100.0 |       0 |      15 | 100.0
     Bailey |       0 |    1230 | 100.0 |       0 |      30 | 100.0
      IceCv |       0 |    5424 | 100.0 |       0 |      20 | 100.0
 Desolation |       0 |   42020 | 100.0 |       0 |      80 | 100.0
            +---------+---------+-------+---------+---------+-------
